Workbook

Sheet PLANILHA ORÇAMENTÁRIA
B1: PREFEITURA MUNICIPAL DE JOÃO NEIVA
B2: PLANILHA ORÇAMENTÁRIA
B3: OBRA: REFORMA DA ESCOLA MARIA OLIRIA SARCINELLI CAMPAGNARO NO MUNICÍPIO DE JOÃO NEIVA - ES | E3: L. SOCIAIS: | F3: 1.5727 | G3: TABELA DE REFERÊNCIA: DER/ES
B4: LOCAL: JOÃO NEIVA-ES | E4: BDI: | F4: 0.3196 | H4: DATA-BASE: | I4: ABRIL/22
B5: ORÇAMENTISTAS: JEFTER DOS SANTOS LADISLAU CREA-ES 43139/D
A6: ITEM | B6: CÓDIGO | C6: ORGÃO | D6: DESCRIÇÃO SERVIÇO | E6: UNIDADE | F6: QUANTIDADE | G6: CUSTO (R$)
G7: UNITÁRIO | H7: UNITÁRIO C/ BDI | I7: TOTAL
A8: 1 | B8: 01 | D8: SERVIÇOS PRELIMINARES
A9: 1.1 | B9: 0102 | C9: DER-ES | D9: DEMOLIÇÕES E RETIRADAS
A10: 1.1.1 | B10: 10208 | C10: DER-ES | D10: Retirada de revestimento antigo em reboco | E10: m2 | F10: =MC!J23 -> 174.9932 | G10: 8.05 | H10: =TRUNC(ROUND(G10*1.3196,2),2) -> 10.62 | I10: =TRUNC(ROUND(F10*H10,2),2) -> 1858.43
A11: 1.1.2 | B11: 10209 | C11: DER-ES | D11: Demolição de alvenaria | E11: m3 | F11: =MC!J31 -> 1.450956 | G11: 48.28 | H11: =TRUNC(ROUND(G11*1.3196,2),2) -> 63.71 | I11: =TRUNC(ROUND(F11*H11,2),2) -> 92.44
A12: 1.1.3 | B12: 10214 | C12: DER-ES | D12: Retirada de portas e janelas de madeira, inclusive batentes | E12: m2 | F12: =MC!J41 -> 43.47 | G12: 12.87 | H12: =TRUNC(ROUND(G12*1.3196,2),2) -> 16.98 | I12: =TRUNC(ROUND(F12*H12,2),2) -> 738.12
A13: 1.1.4 | B13: 10327 | C13: DER-ES | D13: Retirada de marco de madeira | E13: m | F13: =MC!J47 -> 5 | G13: 2 | H13: =TRUNC(ROUND(G13*1.3196,2),2) -> 2.64 | I13: =TRUNC(ROUND(F13*H13,2),2) -> 13.2
A14: 1.1.5 | B14: 10215 | C14: DER-ES | D14: Retirada de esquadrias metálicas | E14: m2 | F14: =MC!J59 -> 4.354 | G14: 8.05 | H14: =TRUNC(ROUND(G14*1.3196,2),2) -> 10.62 | I14: =TRUNC(ROUND(F14*H14,2),2) -> 46.24
A15: 1.1.6 | B15: 10246 | C15: DER-ES | D15: Lixamento de parede com pintura antiga PVA para recebimento de nova camada de tinta | E15: m2 | F15: =MC!J367 -> 7943.8736 | G15: 3.07 | H15: =TRUNC(ROUND(G15*1.3196,2),2) -> 4.05 | I15: =TRUNC(ROUND(F15*H15,2),2) -> 32172.69
A16: 1.1.7 | B16: COMP-01 | D16: Lixamento de madeira com pintura antiga a óleo para recebimento de nova camada de tinta | E16: m2 | F16: =MC!J377 -> 67.56 | G16: ='COMP-01'!I29 -> 1.670392 | H16: =TRUNC(ROUND(G16*1.3196,2),2) -> 2.2 | I16: =TRUNC(ROUND(F16*H16,2),2) -> 148.63
A17: 1.1.8 | B17: 200726 | C17: DER-ES | D17: Recuperação de piso de quadra com demolição parcial do concreto e aplicação de granilite, inclusive regularização | E17: m2 | F17: =MC!J386 -> 15.232 | G17: 142.93 | H17: =TRUNC(ROUND(G17*1.3196,2),2) -> 188.61 | I17: =TRUNC(ROUND(F17*H17,2),2) -> 2872.91
A18: 1.1.9 | B18: COMP-02 | D18: Lixamento manual em superfícies metálicas em obra | E18: m2 | F18: =MC!J396 -> 23.343 | G18: ='COMP-02'!I29 -> 7.134232 | H18: =TRUNC(ROUND(G18*1.3196,2),2) -> 9.41 | I18: =TRUNC(ROUND(F18*H18,2),2) -> 219.66
A19: 1.1.10 | B19: 10331 | C19: DER-ES | D19: Demolição de piso, soleira, peitoris e escadas em mármore ou granito, exclusive regularização | E19: m2 | F19: =MC!J404 -> 0.2051 | G19: 8.62 | H19: =TRUNC(ROUND(G19*1.3196,2),2) -> 11.37 | I19: =TRUNC(ROUND(F19*H19,2),2) -> 2.33
A20: 1.1.11 | B20: 10323 | C20: DER-ES | D20: Retirada de torneiras e registros | E20: und | F20: =MC!J411 -> 4 | G20: 8.81 | H20: =TRUNC(ROUND(G20*1.3196,2),2) -> 11.63 | I20: =TRUNC(ROUND(F20*H20,2),2) -> 46.52
D21: SUB-TOTAL 01 | I21: =SUM(I9:I20) -> 38211.17
A22: 2 | B22: 02 | D22: INSTALAÇÃO DO CANTEIRO DE OBRAS
A23: 2.1 | B23: 0203 | C23: DER-ES | D23: TAPUMES, BARRACÕES E COBERTURAS
A24: 2.1.1 | B24: 020305 | C24: DER-ES | D24: Placa de obra nas dimensões de 2.0 x 4.0 m, padrão IOPES | E24: m2 | F24: =MC!J418 -> 2 | G24: 273.81 | H24: =TRUNC(ROUND(G24*1.3196,2),2) -> 361.32 | I24: =TRUNC(ROUND(F24*H24,2),2) -> 722.64
A25: 2.1.2 | B25: 020339 | C25: DER-ES | D25: Locação de andaime metálico para trabalho em fachada de edifíco (aluguel de 1 m² por 1 mês) inclusive frete, montagem e desmontagem (BDI= 15,57%) | E25: m2 | F25: =MC!J422 -> 469.2 | G25: 20.46 | H25: =TRUNC(ROUND(G25*1.1557,2),2) -> 23.65 | I25: =TRUNC(ROUND(F25*H25,2),2) -> 11096.58
A26: 2.1.3 | B26: 020350 | C26: DER-ES | D26: Tapume Telha Metálica Ondulada em aço galvalume 0,50mm Branca h=2,20m, incl. montagem estr. mad.8"x8", c/adesivo "IOPES" 60x60cm a cada 10m, incl. faixas pint. esmalte sint. cores azul c/ h=30cm e rosa c/ h=10cm (Reaproveitamento 2x) | E26: m | F26: =MC!J427 -> 36 | G26: 208.94 | H26: =TRUNC(ROUND(G26*1.3196,2),2) -> 275.72 | I26: =TRUNC(ROUND(F26*H26,2),2) -> 9925.92
A27: 2.2 | B27: 0208 | C27: DER-ES | D27: INSTALAÇÃO DO CANTEIRO DE OBRAS (UTILIZAÇÃO 2 VEZES), PROJETO PADRÃO LABOR NR.18 (OBRAS COM PRAZO DE EXECUÇÃO DE 6 A 12 MESES)
A28: 2.2.1 | B28: 020802 | C28: DER-ES | D28: Barracão para almoxarifado área de 10.90m2, de chapa de compensado 12mm e pontaletes 8x8cm, piso cimentado e cobertura de telha de fibrocimento de 6mm, inclusive ponto de luz, conf. projeto (2 utilizações) | E28: m2 | F28: =MC!J432 -> 10.9025 | G28: 472.89 | H28: =TRUNC(ROUND(G28*1.3196,2),2) -> 624.03 | I28: =TRUNC(ROUND(F28*H28,2),2) -> 6803.49
A29: 2.2.2 | B29: 020804 | C29: DER-ES | D29: Refeitório com paredes de chapa de compens. 12mm e pontaletes 8x8cm, piso ciment. e cobert. de telhas fibroc. 6mm, incl. ponto de luz e cx. de inspeção (cons. 1.21m2/func./turno), conf. projeto (2 utilizações) | E29: m2 | F29: =MC!J436 -> 10.9025 | G29: 401.01 | H29: =TRUNC(ROUND(G29*1.3196,2),2) -> 529.17 | I29: =TRUNC(ROUND(F29*H29,2),2) -> 5769.28
D30: SUB-TOTAL 02 | I30: =SUM(I23:I29) -> 34317.91
A31: 3 | B31: 03 | D31: TRANSPORTES
A32: 3.1 | B32: 030304 | C32: DER-ES | D32: Índice de preço para remoção de entulho decorrente da execução de obras (Classe A CONAMA - NBR10.004 - Classe II-B), incluindo aluguel da caçamba, carga, transporte e descarga em área licenciada | E32: m3 | F32: =MC!J475 -> 17.91873 | G32: 62.93 | H32: =TRUNC(ROUND(G32*1.3196,2),2) -> 83.04 | I32: =TRUNC(ROUND(F32*H32,2),2) -> 1487.97
D33: SUB-TOTAL 03 | I33: =SUM(I32:I32) -> 1487.97
A34: 4 | B34: 4 | D34: ESQUADRIAS DE MADEIRA
A35: 4.1 | B35: 0601 | C35: DER-ES | D35: MARCOS E ALIZARES
A36: 4.1.1 | B36: 60103 | C36: DER-ES | D36: Marco de madeira de lei de 1ª (Peroba, Ipê, Angelim Pedra ou equivalente) com 15x3 cm de batente, nas dimensões de 0.80 x 2.10 m | E36: und | F36: =MC!J482 -> 1 | G36: 379.79 | H36: =TRUNC(ROUND(G36*1.3196,2),2) -> 501.17 | I36: =TRUNC(ROUND(F36*H36,2),2) -> 501.17
A37: 4.1.2 | B37: 060113 | C37: DER-ES | D37: Alizar de madeira de lei de 1ª (Peroba, Ipê, Angelim Pedra ou equivalente) 7 x 1,5 cm | E37: m | F37: =MC!J491 -> 5 | G37: 19.92 | H37: =TRUNC(ROUND(G37*1.3196,2),2) -> 26.29 | I37: =TRUNC(ROUND(F37*H37,2),2) -> 131.45
A38: 4.2 | B38: 0613 | C38: DER-ES | D38: PORTA EM MADEIRA DE LEI TIPO ANGELIM PEDRA OU EQUIV.C/ENCHIMENTO EM MADEIRA 1A.QUALIDADE ESP. 30MM P/ PINTURA, INCLUSIVE ALIZARES, DOBRADIÇAS E FECHADURA EXTERNA, EXCLUSIVE MARCO
A39: 4.2.1 | B39: 061301 | C39: DER-ES | D39: Porta em madeira de lei tipo angelim pedra ou equiv.c/enchimento em madeira 1a.qualidade esp. 30mm p/ pintura, inclusive alizares, dobradiças e fechadura externa em latão cromado LaFonte ou equiv., exclusive marco, nas dim.:0.60 x 2.10 m | E39: und | F39: =MC!J496 -> 3 | G39: 951.02 | H39: =TRUNC(ROUND(G39*1.3196,2),2) -> 1254.97 | I39: =TRUNC(ROUND(F39*H39,2),2) -> 3764.91
A40: 4.2.2 | B40: 061302 | C40: DER-ES | D40: Porta em madeira de lei tipo angelim pedra ou equiv.c/enchimento em madeira 1a.qualidade esp. 30mm p/ pintura, inclusive alizares, dobradiças e fechadura externa em latão cromado LaFonte ou equiv., exclusive marco, nas dim.: 0.70 x 2.10 m | E40: und | F40: =MC!J500 -> 3 | G40: 955.37 | H40: =TRUNC(ROUND(G40*1.3196,2),2) -> 1260.71 | I40: =TRUNC(ROUND(F40*H40,2),2) -> 3782.13
A41: 4.2.3 | B41: 061303 | C41: DER-ES | D41: Porta em madeira de lei tipo angelim pedra ou equiv.c/enchimento em madeira 1a.qualidade esp. 30mm p/pintura, inclusive alizares, dobradiças e fechadura externa em latão cromado LaFonte ou equiv., exclusive marco, nas dim.: 0.80 x 2.10 m | E41: und | F41: =MC!J509 -> 21 | G41: 959.71 | H41: =TRUNC(ROUND(G41*1.3196,2),2) -> 1266.43 | I41: =TRUNC(ROUND(F41*H41,2),2) -> 26595.03
D42: SUB-TOTAL 04 | I42: =SUM(I35:I41) -> 34774.69
A43: 5 | B43: 07 | D43: ESQUADRIAS METÁLICAS
A44: 7.1 | B44: 0711 | C44: DER-ES | D44: GRADES E PORTÕES
A45: 7.1.1 | B45: 071104 | C45: DER-ES | D45: Portão de ferro de abrir em barra chata, inclusive chumbamento | E45: m2 | F45: =MC!J522 -> 11.52 | G45: 568.29 | H45: =TRUNC(ROUND(G45*1.3196,2),2) -> 749.92 | I45: =TRUNC(ROUND(F45*H45,2),2) -> 8639.08
A46: 7.2 | B46: 0717 | C46: DER-ES | D46: ESQUADRIAS METÁLICAS (M2) | H46: =TRUNC(ROUND(G46*1.3196,2),2) -> 0 | I46: =TRUNC(ROUND(F46*H46,2),2) -> 0
A47: 7.2.1 | B47: 071701 | C47: DER-ES | D47: Janela de correr para vidro em alumínio anodizado cor natural, linha 25, completa, incl. puxador com tranca, alizar, caixilho e contramarco, exclusive vidro | E47: m2 | F47: =MC!J530 -> 4.004 | G47: 511.62 | H47: =TRUNC(ROUND(G47*1.3196,2),2) -> 675.13 | I47: =TRUNC(ROUND(F47*H47,2),2) -> 2703.22
A48: 7.2.2 | B48: 071702 | C48: DER-ES | D48: Báscula para vidro em alumínio anodizado cor natural, linha 25, completa, com tranca, caixilho, alizar e contramarco, exclusive vidro | E48: m2 | F48: =MC!J538 -> 0.35 | G48: 597.91 | H48: =TRUNC(ROUND(G48*1.3196,2),2) -> 789 | I48: =TRUNC(ROUND(F48*H48,2),2) -> 276.15
D49: SUB-TOTAL 05 | I49: =SUM(I44:I48) -> 11618.45
A50: 6 | B50: 08 | D50: VIDROS E ESPELHOS
A51: 6.1 | B51: 0801 | C51: DER-ES | D51: VIDROS PARA ESQUADRIAS
A52: 6.1.1 | B52: 080102 | C52: DER-ES | D52: Vidro plano transparente liso, com 4 mm de espessura (BDI= 15,57%) | E52: m2 | F52: =MC!J556 -> 25.799 | G52: 315.73 | H52: =TRUNC(ROUND(G52*1.1557,2),2) -> 364.89 | I52: =TRUNC(ROUND(F52*H52,2),2) -> 9413.8
D53: SUB-TOTAL 06 | I53: =SUM(I51:I52) -> 9413.8
A54: 7 | B54: 12 | D54: REVESTIMENTO DE PAREDES
A55: 7.1 | B55: 1201 | C55: DER-ES | D55: REVESTIMENTO COM ARGAMASSA
A56: 7.1.1 | B56: 120101 | C56: DER-ES | D56: Chapisco de argamassa de cimento e areia média ou grossa lavada, no traço 1:3, espessura 5 mm | E56: m2 | F56: =MC!J571 -> 203.2 | G56: 5.92 | H56: =TRUNC(ROUND(G56*1.3196,2),2) -> 7.81 | I56: =TRUNC(ROUND(F56*H56,2),2) -> 1586.99
A57: 7.2 | B57: 1203 | C57: DER-ES | D57: REVESTIMENTO EMPREGANDO ARGAMASSA DE CIMENTO, CAL E AREIA
A58: 7.2.1 | B58: 120303 | C58: DER-ES | D58: Reboco tipo paulista de argamassa de cimento, cal hidratada CH1 e areia média ou grossa lavada no traço 1:0.5:6, espessura 25 mm | E58: m2 | F58: =MC!J593 -> 175.7648 | G58: 48.56 | H58: =TRUNC(ROUND(G58*1.3196,2),2) -> 64.08 | I58: =TRUNC(ROUND(F58*H58,2),2) -> 11263.01
D59: SUB-TOTAL 7 | I59: =SUM(I55:I58) -> 12850
A60: 8 | B60: 13 | D60: PISOS INTERNOS E EXTERNOS
A61: 8.1 | B61: 1303 | C61: DER-ES | D61: DEGRAUS, RODAPÉS, SOLEIRAS E PEITORIS
A62: 8.1.1 | B62: COMP-03 | D62: Peitoril de granito cinza polido, 19 cm, esp. 3cm | E62: m | F62: =MC!J601 -> 2.95 | G62: ='COMP-03'!I33 -> 103.4609 | H62: =TRUNC(ROUND(G62*1.3196,2),2) -> 136.53 | I62: =TRUNC(ROUND(F62*H62,2),2) -> 402.76
D63: SUB-TOTAL 8 | I63: =SUM(I61:I62) -> 402.76
A64: 9 | B64: 17 | D64: APARELHOS HIDRO-SANITÁRIOS
A65: 9.1 | B65: 1703 | C65: DER-ES | D65: TORNEIRAS, REGISTROS, VÁLVULAS E METAIS
A66: 9.1.1 | B66: 170306 | C66: DER-ES | D66: Torneira para tanque, marcas de referência Fabrimar, Deca ou Docol. | E66: und | F66: =MC!J610 -> 8 | G66: 115.22 | H66: =TRUNC(ROUND(G66*1.3196,2),2) -> 152.04 | I66: =TRUNC(ROUND(F66*H66,2),2) -> 1216.32
D67: SUB-TOTAL 9 | I67: =SUM(I65:I66) -> 1216.32
A68: 10 | B68: 19 | D68: PINTURA
A69: 10.1 | B69: 1901 | C69: DER-ES | D69: SOBRE PAREDES E FORROS
A70: 10.1.1 | B70: 190106 | C70: DER-ES | D70: Pintura com tinta acrílica, marcas de referência Suvinil, Coral ou Metalatex, inclusive selador acrílico, em paredes e forros, a três demãos | E70: m2 | F70: =MC!J919 -> 7943.8736 | G70: 23.73 | H70: =TRUNC(ROUND(G70*1.3196,2),2) -> 31.31 | I70: =TRUNC(ROUND(F70*H70,2),2) -> 248722.68
A71: 10.2 | B71: 1903 | C71: DER-ES | D71: SOBRE MADEIRA
A72: 10.2.1 | B72: 190302 | C72: DER-ES | D72: Pintura com tinta esmalte sintético, marcas de referência Suvinil, Coral ou Metalatex, inclusive fundo branco nivelador, em madeira, a duas demãos | E72: m2 | F72: =MC!J933 -> 231.36 | G72: 24.02 | H72: =TRUNC(ROUND(G72*1.3196,2),2) -> 31.7 | I72: =TRUNC(ROUND(F72*H72,2),2) -> 7334.11
A73: 10.3 | B73: 1904 | C73: DER-ES | D73: SOBRE METAL
A74: 10.3.1 | B74: 190417 | C74: DER-ES | D74: Pintura com tinta esmalte sintético, marcas de referência Suvinil, Coral ou Metalatex, a duas demãos, inclusive fundo anticorrosivo a uma demão, em metal | E74: m2 | F74: =MC!J945 -> 11.823 | G74: 21.7 | H74: =TRUNC(ROUND(G74*1.3196,2),2) -> 28.64 | I74: =TRUNC(ROUND(F74*H74,2),2) -> 338.61
D75: SUB-TOTAL 10 | I75: =SUM(I69:I74) -> 256395.4
A76: 11 | B76: 20 | D76: SERVIÇOS COMPLEMENTARES EXTERNOS
A77: 11.1 | B77: 2004 | C77: DER-ES | D77: TRATAMENTO, CONSERVAÇÃO E LIMPEZA
A78: 11.1.1 | B78: 200401 | C78: DER-ES | D78: Limpeza geral da obra (edificação) | E78: m2 | F78: =MC!J952 -> 2775.8 | G78: 9.93 | H78: =TRUNC(ROUND(G78*1.3196,2),2) -> 13.1 | I78: =TRUNC(ROUND(F78*H78,2),2) -> 36362.98
A79: 11.2 | B79: 2005 | C79: DER-ES | D79: DIVERSOS EXTERNOS
A80: 11.2.1 | B80: 200576 | C80: DER-ES | D80: Placa para inauguração de obra em alumínio polido e=4mm, dimensões 40 x 50 cm, gravação em baixo relevo, inclusive pintura e fixação | E80: und | F80: =MC!J957 -> 1 | G80: 851.5 | H80: =TRUNC(ROUND(G80*1.3196,2),2) -> 1123.64 | I80: =TRUNC(ROUND(F80*H80,2),2) -> 1123.64
D81: SUB-TOTAL 11 | I81: =SUM(I77:I80) -> 37486.62
A82: 12 | B82: 21 | D82: SERVIÇOS COMPLEMENTARES INTERNOS
A83: 12.1 | B83: 2103 | C83: DER-ES | D83: DIVERSOS INTERNOS
A84: 12.1.1 | B84: COMP-04 | D84: Fornecimento e instalação de barra de apoio PNE 80 CM | E84: und | F84: =MC!J966 -> 8 | G84: ='COMP-04'!I30 -> 200.704 | H84: =TRUNC(ROUND(G84*1.3196,2),2) -> 264.85 | I84: =TRUNC(ROUND(F84*H84,2),2) -> 2118.8
A85: 12.1.2 | B85: 142115 | C85: DER-ES | D85: Tampa para caixa sifonada, em aço inox, de 150x150mm | E85: und | F85: =MC!J971 -> 2 | G85: 46.27 | H85: =TRUNC(ROUND(G85*1.3196,2),2) -> 61.06 | I85: =TRUNC(ROUND(F85*H85,2),2) -> 122.12
D86: SUB-TOTAL 12 | I86: =SUM(I83:I85) -> 2240.92
D87: TOTAL | I87: =SUM(I8:I86)/2 -> 440416.01

Sheet MC
B1: PREFEITURA MUNICIPAL DE JOÃO NEIVA
B2: MEMÓRIA DE CÁLCULO | I2: TABELA DE REFERÊNCIA:DER/ES
B3: ='PLANILHA ORÇAMENTÁRIA'!B3:D3 -> OBRA: REFORMA DA ESCOLA MARIA OLIRIA SARCINELLI CAMPAGNARO NO MUNICÍPIO DE JOÃO NEIVA - ES | G3: L. SOCIAIS: | H3: 1.5727
B4: LOCAL: JOÃO NEIVA-ES | G4: BDI: | H4: 0.3196 | I4: DATA-BASE: | J4: ABRIL/22
A5: ITEM | B5: DESCRIÇÃO SERVIÇO | C5: UNIDADE | D5: Qtd | E5: C (m) | F5: L (m) | G5: H (m) | H5: A(m2) | I5: V(m3) | J5: QUANT. DO SERVIÇO
A6: 1 | B6: SERVIÇOS PRELIMINARES
A7: 1.1 | B7: DEMOLIÇÕES E RETIRADAS
A8: 1.1.1 | B8: ='PLANILHA ORÇAMENTÁRIA'!D10 -> Retirada de revestimento antigo em reboco | C8: ='PLANILHA ORÇAMENTÁRIA'!E10 -> m2 | D8: Qtd | E8: C (m) | F8: L (m) | G8: H (m) | H8: A(m2) | I8: V(m3) | J8: QUANT. DO SERVIÇO
B9: Pavimento superior
B10: Entrada da rampa | F10: 2.3 | G10: 1.6 | H10: =F10*G10 -> 3.68 | J10: =H10 -> 3.68
B11: Sala Lied
B12: parede 01 | F12: 6.95 | G12: 0.5 | H12: =F12*G12 -> 3.475 | J12: =H12 -> 3.475
B13: parede 02 | F13: 11.28 | G13: =(2.91-1.44) -> 1.47 | H13: =F13*G13 -> 16.5816 | J13: =H13 -> 16.5816
B14: parede 03 | F14: 6.95 | G14: 0.5 | H14: =F14*G14 -> 3.475 | J14: =H14 -> 3.475
B15: parede 04 | F15: 11.28 | G15: =(2.91-1.44) -> 1.47 | H15: =F15*G15 -> 16.5816 | J15: =H15 -> 16.5816
B16: Pavimento térreo
B17: Recuperção paredes avariadas | F17: 16 | G17: 2.2 | H17: =F17*G17 -> 35.2 | J17: =H17 -> 35.2
B18: Pavimento fachada
B19: Recuperção paredes avariadas | F19: 28 | G19: 3 | H19: =F19*G19 -> 84 | J19: =H19 -> 84
B20: Parede muro externo | F20: 12 | G20: 1 | H20: =F20*G20 -> 12 | J20: =H20 -> 12
I23: Total | J23: =SUM(J10:J22) -> 174.9932
A25: 1.1.2 | B25: ='PLANILHA ORÇAMENTÁRIA'!D11 -> Demolição de alvenaria | C25: ='PLANILHA ORÇAMENTÁRIA'!E11 -> m3 | D25: Qtd | E25: C (m) | F25: L (m) | G25: H (m) | H25: A(m2) | I25: V(m3) | J25: QUANT. DO SERVIÇO
B26: Pavimento Térreo
B27: Parede entrada banheiro masculino | E27: 2.62 | G27: 2.13 | H27: =E27*G27 -> 5.5806 | I27: =H27*0.13 -> 0.725478 | J27: =I27 -> 0.725478
B28: Parede entrada banheiro masculino | E28: 2.62 | G28: 2.13 | H28: =E28*G28 -> 5.5806 | I28: =H28*0.13 -> 0.725478 | J28: =I28 -> 0.725478
I31: Total | J31: =SUM(J26:J30) -> 1.450956
A33: 1.1.3 | B33: ='PLANILHA ORÇAMENTÁRIA'!D12 -> Retirada de portas e janelas de madeira, inclusive batentes | C33: ='PLANILHA ORÇAMENTÁRIA'!E12 -> m2 | D33: Qtd | E33: C (m) | F33: L (m) | G33: H (m) | H33: A(m2) | I33: V(m3) | J33: QUANT. DO SERVIÇO
B34: Pavimento Superior
B35: Porta de 80 | D35: 7 | F35: 0.8 | G35: 2.1 | H35: =D35*F35*G35 -> 11.76 | J35: =H35 -> 11.76
B36: Pavimento Térreo
B37: Porta de 80 | D37: 14 | F37: 0.8 | G37: 2.1 | H37: =D37*F37*G37 -> 23.52 | J37: =H37 -> 23.52
B38: Porta de 70 | D38: 3 | F38: 0.7 | G38: 2.1 | H38: =D38*F38*G38 -> 4.41 | J38: =H38 -> 4.41
B39: Porta de 60 | D39: 3 | F39: 0.6 | G39: 2.1 | H39: =D39*F39*G39 -> 3.78 | J39: =H39 -> 3.78
I41: Total | J41: =SUM(J34:J40) -> 43.47
A43: 1.1.4 | B43: Retirada de marco de madeira | C43: ='PLANILHA ORÇAMENTÁRIA'!E16 -> m2 | D43: Qtd | E43: Perimetro (m) | F43: L (m) | G43: H (m) | H43: A(m2) | I43: V(m3) | J43: QUANT. DO SERVIÇO
B44: Pavimento Térreo
B45: Porta de 80 cozinha | D45: 1 | E45: 5 | J45: =E45 -> 5
I47: Total | J47: =SUM(J44:J46) -> 5
A50: 1.1.5 | B50: ='PLANILHA ORÇAMENTÁRIA'!D14 -> Retirada de esquadrias metálicas | C50: ='PLANILHA ORÇAMENTÁRIA'!E14 -> m2 | D50: Qtd | E50: C (m) | F50: L (m) | G50: H (m) | H50: A(m2) | I50: V(m3) | J50: QUANT. DO SERVIÇO
B52: Pavimento superior
B53: Circulação | D53: 1 | F53: 2.8 | G53: 1.43 | H53: =F53*G53 -> 4.004 | J53: =H53 -> 4.004
B54: Pavimento Térreo
B55: Bascula banheiro cozinha | D55: 1 | F55: 0.5 | G55: 0.7 | H55: =F55*G55 -> 0.35 | J55: =H55 -> 0.35
I59: Total | J59: =SUM(J53:J58) -> 4.354
A62: 1.1.6 | B62: Lixamento de parede com pintura antiga PVA para recebimento de nova camada de tinta | C62: m2 | D62: Qtd | E62: C (m) | F62: L (m) | G62: H (m) | H62: A(m2) | I62: V(m3) | J62: QUANT. DO SERVIÇO
B63: Primeiro PAV.
B64: Sala 01 | F64: L | G64: H | H64: A
F65: 6.83 | G65: 2.9 | H65: =F65*G65 -> 19.807 | J65: =H65 -> 19.807
F66: 6.83 | G66: 2.9 | H66: =F66*G66 -> 19.807 | J66: =H66 -> 19.807
F67: 7.34 | G67: 2.9 | H67: =F67*G67 -> 21.286 | J67: =H67 -> 21.286
F68: 7.34 | G68: 2.9 | H68: 10.78 | J68: =H68 -> 10.78
F69: 7.34 | G69: 6.83 | H69: =F69*G69 -> 50.1322 | J69: =H69 -> 50.1322
B70: Sala 02 | F70: 6.83 | G70: 2.9 | H70: =F70*G70 -> 19.807 | J70: =H70 -> 19.807
F71: 6.83 | G71: 2.9 | H71: =F71*G71 -> 19.807 | J71: =H71 -> 19.807
F72: 7.36 | G72: 2.9 | H72: =F72*G72 -> 21.344 | J72: =H72 -> 21.344
F73: 7.36 | G73: 2.9 | H73: 10.47 | J73: =H73 -> 10.47
F74: 7.36 | G74: 6.83 | H74: =F74*G74 -> 50.2688 | J74: =H74 -> 50.2688
B75: Sala 03 | F75: 6.83 | G75: 2.9 | H75: =F75*G75 -> 19.807 | J75: =H75 -> 19.807
F76: 6.83 | G76: 2.9 | H76: =F76*G76 -> 19.807 | J76: =H76 -> 19.807
F77: 7.21 | G77: 2.9 | H77: =F77*G77 -> 20.909 | J77: =H77 -> 20.909
F78: 7.21 | G78: 2.9 | H78: 10.4 | J78: =H78 -> 10.4
F79: 7.21 | G79: 6.83 | H79: =F79*G79 -> 49.2443 | J79: =H79 -> 49.2443
B80: Sala 04 | F80: 6.83 | G80: 2.9 | H80: =F80*G80 -> 19.807 | J80: =H80 -> 19.807
F81: 6.83 | G81: 2.9 | H81: =F81*G81 -> 19.807 | J81: =H81 -> 19.807
F82: 7.31 | G82: 2.9 | H82: =F82*G82 -> 21.199 | J82: =H82 -> 21.199
F83: 7.31 | G83: 2.9 | H83: 10.69 | J83: =H83 -> 10.69
F84: 7.31 | G84: 6.83 | H84: =F84*G84 -> 49.9273 | J84: =H84 -> 49.9273
B85: Sala 05 | F85: 6.83 | G85: 2.9 | H85: =F85*G85 -> 19.807 | J85: =H85 -> 19.807
F86: 6.83 | G86: 2.9 | H86: =F86*G86 -> 19.807 | J86: =H86 -> 19.807
F87: 7.31 | G87: 2.9 | H87: =F87*G87 -> 21.199 | J87: =H87 -> 21.199
F88: 7.31 | G88: 2.9 | H88: 19.69 | J88: =H88 -> 19.69
F89: 7.31 | G89: 6.83 | H89: =F89*G89 -> 49.9273 | J89: =H89 -> 49.9273
B90: Sala 06 | F90: L | G90: H | H90: A | J90: =H90 -> A
F91: 6.83 | G91: 2.9 | H91: =F91*G91 -> 19.807 | J91: =H91 -> 19.807
F92: 6.83 | G92: 2.9 | H92: =F92*G92 -> 19.807 | J92: =H92 -> 19.807
F93: 7.21 | G93: 2.9 | H93: =F93*G93 -> 20.909 | J93: =H93 -> 20.909
F94: 7.21 | G94: 2.9 | H94: 10.4 | J94: =H94 -> 10.4
F95: 7.21 | G95: 6.83 | H95: =F95*G95 -> 49.2443 | J95: =H95 -> 49.2443
B96: Sala 07 | F96: 6.83 | G96: 2.9 | H96: =F96*G96 -> 19.807 | J96: =H96 -> 19.807
F97: 6.83 | G97: 2.9 | H97: =F97*G97 -> 19.807 | J97: =H97 -> 19.807
F98: 7.36 | G98: 2.9 | H98: =F98*G98 -> 21.344 | J98: =H98 -> 21.344
F99: 7.36 | G99: 2.9 | H99: 10.84 | J99: =H99 -> 10.84
F100: 7.36 | G100: 6.83 | H100: =F100*G100 -> 50.2688 | J100: =H100 -> 50.2688
B101: Sala 08 | F101: 6.83 | G101: 2.9 | H101: =F101*G101 -> 19.807 | J101: =H101 -> 19.807
F102: 6.83 | G102: 2.9 | H102: =F102*G102 -> 19.807 | J102: =H102 -> 19.807
F103: 7.34 | G103: 2.9 | H103: =F103*G103 -> 21.286 | J103: =H103 -> 21.286
F104: 7.34 | G104: 2.9 | H104: 10.78 | J104: =H104 -> 10.78
F105: 7.34 | G105: 6.83 | H105: =F105*G105 -> 50.1322 | J105: =H105 -> 50.1322
B106: Sala 09 | F106: 6.83 | G106: 2.9 | H106: =F106*G106 -> 19.807 | J106: =H106 -> 19.807
F107: 6.83 | G107: 2.9 | H107: =F107*G107 -> 19.807 | J107: =H107 -> 19.807
F108: 7.32 | G108: 2.9 | H108: =F108*G108 -> 21.228 | J108: =H108 -> 21.228
F109: 7.32 | G109: 2.9 | H109: 10.78 | J109: =H109 -> 10.78
F110: 7.32 | G110: 6.83 | H110: =F110*G110 -> 49.9956 | J110: =H110 -> 49.9956
B111: Sala 10 | F111: 6.83 | G111: 2.9 | H111: =F111*G111 -> 19.807 | J111: =H111 -> 19.807
F112: 6.83 | G112: 2.9 | H112: =F112*G112 -> 19.807 | J112: =H112 -> 19.807
F113: 7.52 | G113: 2.9 | H113: =F113*G113 -> 21.808 | J113: =H113 -> 21.808
F114: 7.52 | G114: 2.9 | H114: 11.308 | J114: =H114 -> 11.308
F115: 7.52 | G115: 6.83 | H115: =F115*G115 -> 51.3616 | J115: =H115 -> 51.3616
B116: Sala 11 | F116: L | G116: H | H116: A | J116: =H116 -> A
F117: 6.83 | G117: 2.9 | H117: =F117*G117 -> 19.807 | J117: =H117 -> 19.807
...

Sheet CRONOGRAMA
B1: PREFEITURA MUNICIPAL DE JOÃO NEIVA
B2: PLANILHA ORÇAMENTÁRIA
B3: ='PLANILHA ORÇAMENTÁRIA'!B3:D3 -> OBRA: REFORMA DA ESCOLA MARIA OLIRIA SARCINELLI CAMPAGNARO NO MUNICÍPIO DE JOÃO NEIVA - ES | E3: L. SOCIAIS: | F3: 1.5727 | G3: TABELA DE REFERÊNCIA: DER/ES
B4: LOCAL: JOÃO NEIVA-ES | E4: BDI: | F4: 0.3196 | H4: DATA-BASE: | I4: ABRIL/22
B5: ='PLANILHA ORÇAMENTÁRIA'!B5:E5 -> ORÇAMENTISTAS: JEFTER DOS SANTOS LADISLAU CREA-ES 43139/D
A6: ITEM | B6: ETAPAS | C6: VALORES | E6: PERÍODO (MESES)
E7: 1 | F7: 2 | G7: 3 | H7: 4 | I7: 5
A8: 01 | B8: ='PLANILHA ORÇAMENTÁRIA'!D8 -> SERVIÇOS PRELIMINARES | C8: Físico (%) | D8: =D9/$D$32 -> 0.086761537 | E8: 0.5 | F8: 0.5 | J8: =SUM(E8:I8) -> 1
C9: Financeiro (R$) | D9: ='PLANILHA ORÇAMENTÁRIA'!I21 -> 38211.17 | E9: =D9*E8 -> 19105.585 | F9: =D9*F8 -> 19105.585 | J9: =SUM(E9:I9) -> 38211.17
A10: 02 | B10: ='PLANILHA ORÇAMENTÁRIA'!D22 -> INSTALAÇÃO DO CANTEIRO DE OBRAS | C10: Físico (%) | D10: =D11/$D$32 -> 0.077921577 | E10: 1 | J10: =SUM(E10:I10) -> 1
C11: Financeiro (R$) | D11: ='PLANILHA ORÇAMENTÁRIA'!I30 -> 34317.91 | E11: =D11 -> 34317.91 | J11: =SUM(E11:I11) -> 34317.91
A12: 03 | B12: ='PLANILHA ORÇAMENTÁRIA'!D31 -> TRANSPORTES | C12: Físico (%) | D12: =D13/$D$32 -> 0.0033785557 | F12: =F13/$D$13 -> 0.8 | G12: =G13/$D$13 -> 0.2 | J12: =SUM(E12:I12) -> 1
C13: Financeiro (R$) | D13: ='PLANILHA ORÇAMENTÁRIA'!I33 -> 1487.97 | F13: =D13*0.8 -> 1190.376 | G13: =D13-F13 -> 297.594 | J13: =SUM(E13:I13) -> 1487.97
A14: 04 | B14: ='PLANILHA ORÇAMENTÁRIA'!D34 -> ESQUADRIAS DE MADEIRA | C14: Físico (%) | D14: =D15/$D$32 -> 0.078958733 | F14: 1 | J14: =SUM(E14:I14) -> 1
C15: Financeiro (R$) | D15: ='PLANILHA ORÇAMENTÁRIA'!I42 -> 34774.69 | E15: 0 | F15: =D15 -> 34774.69 | J15: =SUM(E15:I15) -> 34774.69
A16: 05 | B16: ='PLANILHA ORÇAMENTÁRIA'!D43 -> ESQUADRIAS METÁLICAS | C16: Físico (%) | D16: =D17/$D$32 -> 0.026380626 | G16: 1 | J16: =SUM(E16:I16) -> 1
C17: Financeiro (R$) | D17: ='PLANILHA ORÇAMENTÁRIA'!I49 -> 11618.45 | E17: 0 | G17: =D17 -> 11618.45 | J17: =SUM(E17:I17) -> 11618.45
A18: 06 | B18: ='PLANILHA ORÇAMENTÁRIA'!D50 -> VIDROS E ESPELHOS | C18: Físico (%) | D18: =D19/$D$32 -> 0.021374791 | F18: 0.25 | G18: 0.25 | H18: 0.5 | J18: =SUM(E18:I18) -> 1
C19: Financeiro (R$) | D19: ='PLANILHA ORÇAMENTÁRIA'!I53 -> 9413.8 | E19: 0 | F19: =F18*D19 -> 2353.45 | G19: =G18*D19 -> 2353.45 | H19: =H18*D19 -> 4706.9 | J19: =SUM(E19:I19) -> 9413.8
A20: 07 | B20: ='PLANILHA ORÇAMENTÁRIA'!D54 -> REVESTIMENTO DE PAREDES | C20: Físico (%) | D20: =D21/$D$32 -> 0.029176959 | G20: 0.7 | H20: 0.3 | J20: =SUM(E20:I20) -> 1
C21: Financeiro (R$) | D21: ='PLANILHA ORÇAMENTÁRIA'!I59 -> 12850 | G21: =G20*D21 -> 8995 | H21: =H20*D21 -> 3855 | J21: =SUM(E21:I21) -> 12850
A22: 08 | B22: ='PLANILHA ORÇAMENTÁRIA'!D60 -> PISOS INTERNOS E EXTERNOS | C22: Físico (%) | D22: =D23/$D$32 -> 0.000914499 | G22: 1 | J22: =SUM(E22:I22) -> 1
C23: Financeiro (R$) | D23: ='PLANILHA ORÇAMENTÁRIA'!I63 -> 402.76 | E23: 0 | G23: =G22*D23 -> 402.76 | J23: =SUM(E23:I23) -> 402.76
A24: 09 | B24: ='PLANILHA ORÇAMENTÁRIA'!D64 -> APARELHOS HIDRO-SANITÁRIOS | C24: Físico (%) | D24: =D25/$D$32 -> 0.0027617525 | G24: 1 | J24: =SUM(E24:I24) -> 1
C25: Financeiro (R$) | D25: ='PLANILHA ORÇAMENTÁRIA'!I67 -> 1216.32 | E25: 0 | G25: =G24*D25 -> 1216.32 | J25: =SUM(E25:I25) -> 1216.32
A26: 10 | B26: ='PLANILHA ORÇAMENTÁRIA'!D68 -> PINTURA | C26: Físico (%) | D26: =D27/$D$32 -> 0.58216639 | G26: 0.2 | H26: 0.8 | J26: =SUM(E26:I26) -> 1
C27: Financeiro (R$) | D27: ='PLANILHA ORÇAMENTÁRIA'!I75 -> 256395.4 | E27: 0 | G27: =G26*D27 -> 51279.08 | H27: =H26*D27 -> 205116.32 | J27: =SUM(E27:I27) -> 256395.4
A28: 11 | B28: ='PLANILHA ORÇAMENTÁRIA'!D76 -> SERVIÇOS COMPLEMENTARES EXTERNOS | C28: Físico (%) | D28: =D29/$D$32 -> 0.085116388 | H28: 0.8 | I28: 0.2 | J28: =SUM(E28:I28) -> 1
C29: Financeiro (R$) | D29: ='PLANILHA ORÇAMENTÁRIA'!I81 -> 37486.62 | E29: 0 | H29: =H28*D29 -> 29989.296 | I29: =I28*D29 -> 7497.324 | J29: =SUM(E29:I29) -> 37486.62
A30: 12 | B30: ='PLANILHA ORÇAMENTÁRIA'!D82 -> SERVIÇOS COMPLEMENTARES INTERNOS | C30: Físico (%) | D30: =D31/$D$32 -> 0.0050881892 | E30: 1 | J30: =SUM(E30:I30) -> 1
C31: Financeiro (R$) | D31: ='PLANILHA ORÇAMENTÁRIA'!I86 -> 2240.92 | E31: =D31 -> 2240.92 | J31: =SUM(E31:I31) -> 2240.92
A32: Total Parcial (%) | D32: ='PLANILHA ORÇAMENTÁRIA'!I87 -> 440416.01 | E32: =E35/D32 -> 0.12639053 | F32: =F34/$D$32 -> 0.13038604 | G32: =G34/$D$32 -> 0.17293344 | H32: =H34/$D$32 -> 0.55326671 | I32: =I34/$D$32 -> 0.017023278
A33: Metas (%) | E33: =E32 -> 0.12639053 | F33: =E33+F32 -> 0.25677658 | G33: =F33+G32 -> 0.42971001 | H33: =G33+H32 -> 0.98297672 | I33: =H33+I32 -> 1
A34: Total Financeiro (R$) | E34: =E9+E11+E13+E15+E17+E19+E21+E23+E25+E27+E29+E31 -> 55664.415 | F34: =F9+F11+F13+F15+F17+F19+F21+F23+F25+F27+F29+F31 -> 57424.101 | G34: =G9+G11+G13+G15+G17+G19+G21+G23+G25+G27+G29+G31 -> 76162.654 | H34: =H9+H11+H13+H15+H17+H19+H21+H23+H25+H27+H29+H31 -> 243667.52 | I34: =I9+I11+I13+I15+I17+I19+I21+I23+I25+I27+I29+I31 -> 7497.324
A35: Total Acumulado (R$) | E35: =E34 -> 55664.415 | F35: =E35+F34 -> 113088.52 | G35: =F35+G34 -> 189251.17 | H35: =G35+H34 -> 432918.69 | I35: =H35+I34 -> 440416.01

Sheet BDI
C2: PREFEITURA MUNICIPAL DE JOÃO NEIVA
C3: COMPOSIÇÃO BDI
C4: OBRA: REFORMA DA ESCOLA MARIA OLIRIA SARCINELLI CAMPAGNARO NO MUNICÍPIO DE JOÃO NEIVA - ES | F4: L. SOCIAIS: | G4: 1.5727 | H4: TABELA DE REFERÊNCIA: DER/ES
C5: LOCAL: JOÃO NEIVA-ES | F5: BDI: | G5: 0.3196 | H5: DATA-BASE: | J5: ABRIL/22
C6: ORÇAMENTISTA: JEFTER DOS SANTOS LADISLAU
E8: Para Serviços
C9: GRUPO A
C10: Administração Central | E10: 0.0406
C11: Total Grupo A | E11: =E10 -> 0.0406
C12: GRUPO B
C13: Administração Local | E13: 0.0588
C14: Total Grupo B | E14: =E13 -> 0.0588
C15: GRUPO C
C16: Impostos/Tributos
C17: ISS | E17: 0.05
C18: PIS | E18: 0.0065
C19: COFINS | E19: 0.03
C20: CPRB | E20: 0
C21: Total Grupo C | E21: =SUM(E17:E20) -> 0.0865
C22: GRUPO D
C23: Custos Financeiros | E23: 0.0061
C24: Total Grupo D | E24: =E23 -> 0.0061
C25: GRUPO E
C26: Seguros / Garantia | E26: 0.005
C27: Riscos | E27: 0.005
C28: Total Grupo E | E28: =SUM(E26:E27) -> 0.01
C29: GRUPO F
C30: Lucro | E30: 0.08
C31: Total Grupo F | E31: =E30 -> 0.08
C33: BDI Total | E33: =(((1+E24)*(1+E11+E14+E28)*(1+E31)/(1-E21))-1) -> 0.31960671
B35: OBS:
B37: 1 | C37: - A fórmula para cálculo da taxa a ser acrescida aos custos diretos de um
C38: empreendimento a título de Benefícios e Despesas Indiretas é:
C39: BDI = {(1 + D)*(1 + A+B+E)*(1 + F)} -1, onde:
C40: (1 – C)
C41: A = ADMINISTRAÇÃO CENTRAL;
C42: B = ADMINISTRAÇÃO LOCAL;
C43: C = ISS + PIS + COFINS+INSS;
C44: D = CUSTOS FINANCEIROS;
C45: E = RISCOS, SEGUROS E GARANTIAS;
C46: F = BENEFÍCIO/LUCRO;
B47: JUSTIFICATIVA MODIFICAÇÃO DOS PERCENTUAIS:
B48: ADMINISTRAÇÃO LOCAL: FOI CONSIDERADO PERCENTUAL INFERIOR AO DA TABELA DE TAXA DE BDI PADRÃO APLICÁVEL, CONFORME RESOLUÇÃO Nº329, DE 24 DE SETEMBRO DE 2019, VISANDO NÃO ULTRAPASSAR O PERCENTUAL DO BDI TOTAL, CONSIDERANDO QUE HOUVE A NECESSIDADE DE AUMENTO DO ISSQN, DE ACORDO COM A LEI MUNICIPAL N° 3.203, DE 27 DE SETEMBRO DE 2019
B49: ISSQN: FOI CONSIDERADO PERCENTUAL SUPERIOR AO DA TABELA DE TAXA DE BDI PADRÃO APLICÁVEL, CONFORME RESOLUÇÃO Nº329, DE 24 DE SETEMBRO DE 2019, CONSIDERANDO QUE HOUVE A NECESSIDADE DE AUMENTO DO ISSQN, DE ACORDO COM A LEI MUNICIPAL N° 3.203, DE 27 DE SETEMBRO DE 2019.
B50: 2 | C50: - Discriminação do BDI
C52: A – Despesas financeiras:
C53: são aquelas decorrentes do custo do capital de giro para fazer frente às despesas realizadas antes do efetivo recebimento das devidas receitas. Foi apropriada por estimativa com base na média proposta no ACÓRDÃO Nº 2.622/2013, PLENÁRIO de 25 set.2013.
C57: B – Administração Central:
C58: são as despesas relativas à manutenção de parcela do custo do escritório central da empresa, tais como: instalações do imóvel/sede (custo de propriedade ou de locação de imóveis); aquisição e manutenção dos equipamentos da sede (computadores, ar condicionado, veículos e correlatos); despesas administrativas (secretária, vigilante, auxiliar de escritório, contínuo, assessorias tercerizadas - ex. contadoria); despesas com consumo (água, luz, telefone, material para escritório, material para limpeza, alimentos, etc). Foi apropriada por estimativa com base na média proposta noACÓRDÃO Nº 2.622/2013, PLENÁRIO de 25 set.2013.
C59: C – Benefício/Lucro:
C60: é a parcela que contempla a remuneração do construtor, definidos com base em valor percentual sobre o total dos custos diretos e despesas indiretas, excluídas aquelas referentes às parcelas tributárias. A taxa adotada como benefício deve ser entendida como uma provisão de onde será retirado o lucro do construtor, após desconto de todos os encargos decorrentes de inúmeras incertezas que podem ocorrer durante as obras, difíceis de serem mensuradas no seu conjunto com base no ACÓRDÃO Nº 2.622/2013, PLENÁRIO de 25 set.2013.
C62: D – Riscos Imprevistos, Garantias e Seguros:
C63: valores para cobertura de despesas imprevisíveis e os seguros e garantias estabelecidos no Projeto Básico e orientação contante no ACÓRDÃO Nº 2.622/2013, PLENÁRIO de 25 set.2013.
C64: E – Valores Relativos aos Tributos:
C65: – Impostos sobre serviços de qualquer natureza – ISS, é imposto de competência municipal, consoante art. 156, inciso III, da Constituição Federal. Alíquota de 4% sobre o valor total da nota fiscal.(Os 4% consideram a redução de 20% da base de cálculo, conforme previsto no art. 9 do Decreto 13314/2007 e Lei Municipal 6075/2003).
C66: – Contribuição para o Programa de Integração Social – PIS. A taxa do PIS, definida pelos Decretos-Lei nº 2.445 e 2.449/88, é de 0,65% sobre a receita operacional bruta.
C67: – Contribuição para o Programa de Financiamento da Seguridade Social – COFINS, definida pela Lei 9.718/98, é de 3%, sobre a receita operacional bruta.
C68: – Contribuição Patronal sobre a Receita Bruta, definida pela Lei 13.161, de 31 de agosto de 2015, é de 4,5%, sobre a receita operacional bruta.

Sheet LS
C2: PREFEITURA MUNICIPAL DE JOÃO NEIVA
C3: COMPOSIÇÃO LEIS SOCIAIS
C4: OBRA: REFORMA DA ESCOLA MARIA OLIRIA SARCINELLI CAMPAGNARO NO MUNICÍPIO DE JOÃO NEIVA - ES
C5: LOCAL: JOÃO NEIVA-ES
B7: GRUPO A - Encargos Sociais Básicos | E7: % IOPES
B8: A.1 | C8: INSS (Art. 22 da Lei 8.212/91) | E8: 0.2
B9: A.2 | C9: FGTS (Art. 27 do Decreto 99.684/90) | E9: 0.08
B10: A.3 | C10: SESI/SESC (Lei 8.029/90 e Lei 8.036/90) | E10: 0.018
B11: A.4 | C11: SENAI/SENAC (Lei 8.029/90 e Decreto-Lei 6246/44) | E11: 0.013
B12: A.5 | C12: SEBRAE (já considerado no item A.3 e A.4) | E12: -
B13: A.6 | C13: INCRA (Lei 2.613/55 e Decreto 1.146/70) | E13: 0.002
B14: A.7 | C14: SALÁRIO-EDUCAÇÃO (Decreto 87.043/82) | E14: 0.025
B15: A.8 | C15: SEGURO ACIDENTE DO TRABALHO (Lei 8.212/91 e Decreto 3.048/99) | E15: 0.03
B16: A.9 | C16: SECONCI/Medicina do Trabalho | E16: 0.01
B17: TOTAL GRUPO A | E17: =SUM(E8:E16) -> 0.378
B18: GRUPO B - Encargos Sociais que recebem a incidência do grupo A | E18: % IOPES
B19: B.1 | C19: Descanso Semanal Remunerado (Art. 66 da CLT e Art. 7º da CF/88) | E19: 0.1752
B20: B.2 | C20: Feriados (Art. 70 da CLT e Lei 605/49) | E20: 0.0391
B21: B.3 | C21: Auxílio doença e acidente do trabalho (Lei 3.607/60 e Art. 131 da CLT) | E21: 0.0076
B22: B.4 | C22: Licença Paternidade (Art. 7º da CF/88) | E22: 0.0011
B23: B.5 | C23: Faltas Legais (Art. 473 da CLT) | E23: 0.0067
B24: B.6 | C24: 13º Salário (Lei nº 4090/62) | E24: 0.1011
B25: B.7 | C25: Aviso Prévio Trabalhado (Art. 7º, inciso XXI da CF/88) | E25: 0.0034
B26: B.8 | C26: Dias de Chuvas | E26: -
B27: B.9 | C27: Férias Gozadas | E27: -
B28: B.10 | C28: Salário Maternidade | E28: -
B29: B.11 | C29: Auxílio - Enfermidade | E29: -
B30: TOTAL GRUPO B | E30: =SUM(E19:E29) -> 0.3342
B31: GRUPO C - Encargos Sociais que não recebem a incidência do grupo A | E31: % IOPES
B32: C.1 | C32: Dispensa sem justa causa (LC 110/01) | E32: 0.0534
B33: C.2 | C33: Férias indenizadas (Art. 129 a 148 da CLT) | E33: 0.112
B34: C.3 | C34: Aviso prévio indenizado (Art. 7º, inciso XXI da CF/88) | E34: 0.1129
B35: C.4 | C35: FGTS sobre aviso prévio indenizado (Súmula 305 TST) | E35: 0.009
B36: C.5 | C36: INSS sobre aviso prévio indenizado (Decreto 6.727/09) | E36: 0.0226
B37: C.6 | C37: Aviso prévio trabalhado | E37: -
B38: C.7 | C38: Indenização Adicional | E38: -
B39: TOTAL GRUPO C | E39: =SUM(E32:E38) -> 0.3099
B40: GRUPO D - Reincidência dos encargos sociais básicos | E40: % IOPES
B41: D.1 | C41: Incidência do grupo A sobre o grupo B | E41: =E17*E30 -> 0.1263276
B42: D.2 | C42: Reincidência de Grupo A sobre Aviso Prévio Trabalho e Reincidência do FGTS sobre Aviso Prévio Indenizado | E42: -
B43: TOTAL GRUPO D | E43: =SUM(E41:E42) -> 0.1263276
B44: GRUPO E - Encargos complementares | E44: % IOPES
B45: E.1 | C45: Refeição/alimentação (Convenção Coletiva do Trabalho 2012/2013) | E45: 0.2575
B46: E.2 | C46: Vale Transporte (Lei nº 7418/85 e Decreto 95.247/87) | E46: 0.0603
B47: E.3 | C47: Uniforme/equipamento de segurança (Art. 166 da CLT e NR-18 da Lei nº 6.514/77 e Convenção Coletiva do Trabalho 2012/2013) | E47: 0.0267
B48: E.4 | C48: Plano de Saúde (Convenção Coletiva do Trabalho 2012/2013 | E48: 0.0798
B49: TOTAL GRUPO E | E49: 0.4243
B50: TOTAL DOS GRUPO (A+B+C+D+E) | E50: =E49+E39+E30+E17+E43 -> 1.5727276

Sheet COMP-01
A1: COMPOSIÇÃO ANALÍTICA DE PREÇO UNITÁRIO | I1: Data-base
I3: 44653
I4: COMP-01
A5: SERVIÇO: Lixamento de madeira com pintura antiga a óleo para recebimento de nova camada de tinta | I5: UND: m²
A7: REFERÊNCIA: SINAPI 102193
A8: MÃO-DE-OBRA
A9: CÓD. | B9: ORGÃO | C9: DESCRIÇÃO | F9: UND | G9: COEF | H9: R$ UNIT. | I9: R$ PARCIAL
A10: 010140 | B10: DER-ES | C10: PINTOR -(OFICIAL - SINDUSCON) (LABOR) | E10: Encargo: 157,27% | F10: h | G10: 0.0541 | H10: 19.12 | I10: =G10*H10 -> 1.034392
A11: TOTAL A | I11: =I10 -> 1.034392
A13: MATERIAIS/ SERVIÇOS
A14: CÓD. | B14: ORGÃO | C14: DESCRIÇÃO | F14: UND | G14: COEF | H14: R$ UNIT. | I14: R$ PARCIAL
A15: 3767 | B15: SINAPI | C15: LIXA EM FOLHA PARA PAREDE OU MADEIRA, NUMERO 120 (COR VERMELHA) | F15: und | G15: 0.4 | H15: 1.59 | I15: =G15*H15 -> 0.636
A17: TOTAL B | I17: =SUM(I15:I16) -> 0.636
A20: EQUIPAMENTOS
C21: DESCRIÇÃO | F21: UND | G21: COEF | H21: R$ UNIT. | I21: R$ PARCIAL
A23: TOTAL C | I23: =I22 -> 0
A25: RESUMO
A26: TOTAL A | I26: =I11 -> 1.034392
A27: TOTAL B | I27: =I17 -> 0.636
A28: TOTAL C | I28: =I23 -> 0
A29: PREÇO DE VENDA = TOTAL (A+B+C) | I29: =SUM(I26:I27) -> 1.670392

Sheet COMP-02
A1: COMPOSIÇÃO ANALÍTICA DE PREÇO UNITÁRIO | I1: Data-base
I3: 44653
I4: COMP-02
A5: SERVIÇO: Lixamento manual em superfícies metálicas em obra | I5: UND: m²
A7: REFERÊNCIA: SINAPI 100717
A8: MÃO-DE-OBRA
A9: CÓD. | B9: ORGÃO | C9: DESCRIÇÃO | F9: UND | G9: COEF | H9: R$ UNIT. | I9: R$ PARCIAL
A10: 010140 | B10: DER | C10: PINTOR -(OFICIAL - SINDUSCON) (LABOR) | E10: Encargo: 157,27% | F10: h | G10: 0.2986 | H10: 19.12 | I10: =G10*H10 -> 5.709232
A11: TOTAL A | I11: =I10 -> 5.709232
A13: MATERIAIS/ SERVIÇOS
A14: CÓD. | B14: ORGÃO | C14: DESCRIÇÃO | F14: UND | G14: COEF | H14: R$ UNIT. | I14: R$ PARCIAL
A15: 3768 | B15: SINAPI | C15: LIXA EM FOLHA PARA FERRO, NUMERO 150 | F15: und | G15: 0.3 | H15: 4.75 | I15: =G15*H15 -> 1.425
A17: TOTAL B | I17: =SUM(I15:I16) -> 1.425
A20: EQUIPAMENTOS
C21: DESCRIÇÃO | F21: UND | G21: COEF | H21: R$ UNIT. | I21: R$ PARCIAL
A23: TOTAL C | I23: =I22 -> 0
A25: RESUMO
A26: TOTAL A | I26: =I11 -> 5.709232
A27: TOTAL B | I27: =I17 -> 1.425
A28: TOTAL C | I28: =I23 -> 0
A29: PREÇO DE VENDA = TOTAL (A+B+C) | I29: =SUM(I26:I27) -> 7.134232

Sheet COMP-03
A1: COMPOSIÇÃO ANALÍTICA DE PREÇO UNITÁRIO | I1: Data-base
I3: 44653
I4: COMP-03
A5: SERVIÇO: Peitoril de granito cinza polido, 19 cm, esp. 3cm | I5: UND: M
A7: REFERÊNCIA: DER-ES 130317
A8: MÃO-DE-OBRA
A9: CÓD. | B9: ORGÃO | C9: DESCRIÇÃO | F9: UND | G9: COEF | H9: R$ UNIT. | I9: R$ PARCIAL
A10: 010139 | B10: DER-ES | C10: Pedreiro | E10: Encargo: 157,27% | F10: h | G10: 0.84 | H10: 19.12 | I10: =G10*H10 -> 16.0608
A11: 010146 | B11: DER-ES | C11: Servente | E11: Encargo: 157,27% | F11: h | G11: 0.91 | H11: 14.18 | I11: =H11*G11 -> 12.9038
A12: TOTAL A | I12: =I10+I11 -> 28.9646
A14: MATERIAIS/ SERVIÇOS
A15: CÓD. | B15: ORGÃO | C15: DESCRIÇÃO | F15: UND | G15: COEF | H15: R$ UNIT. | I15: R$ PARCIAL
A16: 020503 | B16: DER-ES | C16: Areia lavada média | F16: m³ | G16: 0.00861 | H16: 112.86 | I16: =H16*G16 -> 0.9717246
A17: 020505 | B17: DER-ES | C17: Cal Hidratado p/ argamassa CH III | F17: kg | G17: 1.274 | H17: 0.8 | I17: =H17*G17 -> 1.0192
A18: 020508 | B18: DER-ES | C18: Cimento Portland CP III - 40 | F18: kg | G18: 2.562 | H18: 0.49 | I18: =H18*G18 -> 1.25538
A19: 023522 | B19: DER-ES | C19: Granito Cinza Andorinha E = 3cm polido nos dois lados | F19: m² | G19: 0.19 | H19: 375 | I19: =G19*H19 -> 71.25
A21: TOTAL B | I21: =SUM(I16:I20) -> 74.496305
A24: EQUIPAMENTOS
C25: DESCRIÇÃO | F25: UND | G25: COEF | H25: R$ UNIT. | I25: R$ PARCIAL
A27: TOTAL C | I27: =I26 -> 0
A29: RESUMO
A30: TOTAL A | I30: =I12 -> 28.9646
A31: TOTAL B | I31: =I21 -> 74.496305
A32: TOTAL C | I32: =I22 -> 0
A33: PREÇO DE VENDA = TOTAL (A+B+C) | I33: =SUM(I30:I31) -> 103.4609

Sheet COMP-04
A1: COMPOSIÇÃO ANALÍTICA DE PREÇO UNITÁRIO | I1: Data-base
I3: 44653
I4: COMP-04
A5: SERVIÇO: Fornecimento e instalação de barra de apoio PNE 80 CM | I5: UND: UND
A7: REFERÊNCIA: DER-ES 130317
A8: MÃO-DE-OBRA
A9: CÓD. | B9: ORGÃO | C9: DESCRIÇÃO | F9: UND | G9: COEF | H9: R$ UNIT. | I9: R$ PARCIAL
A10: 010139 | B10: DER-ES | C10: Pedreiro | E10: Encargo: 157,27% | F10: h | G10: 0.5 | H10: 19.12 | I10: =G10*H10 -> 9.56
A11: 010146 | B11: DER-ES | C11: Servente | E11: Encargo: 157,27% | F11: h | G11: 0.3 | H11: 14.18 | I11: =H11*G11 -> 4.254
A12: TOTAL A | I12: =I10+I11 -> 13.814
A14: MATERIAIS/ SERVIÇOS
A15: CÓD. | B15: ORGÃO | C15: DESCRIÇÃO | F15: UND | G15: COEF | H15: R$ UNIT. | I15: R$ PARCIAL
A16: 00036081 | B16: SINAPI | C16: BARRA DE APOIO RETA, EM ACO INOX POLIDO, COMPRIMENTO 80CM, DIAMETRO MINIMO 3 CM | F16: und | G16: 1 | H16: 186.89 | I16: =H16*G16 -> 186.89
A18: TOTAL B | I18: =SUM(I16:I17) -> 186.89
A21: EQUIPAMENTOS
C22: DESCRIÇÃO | F22: UND | G22: COEF | H22: R$ UNIT. | I22: R$ PARCIAL
A24: TOTAL C | I24: =I23 -> 0
A26: RESUMO
A27: TOTAL A | I27: =I12 -> 13.814
A28: TOTAL B | I28: =I18 -> 186.89
A29: TOTAL C | I29: =I19 -> 0
A30: PREÇO DE VENDA = TOTAL (A+B+C) | I30: =SUM(I27:I28) -> 200.704

Sheet COMP-06
A1: COMPOSIÇÃO ANALÍTICA DE PREÇO UNITÁRIO | I1: Data-base
I3: 44318
I4: COMP-06
A5: SERVIÇO: Painel de LED de embutir quadrado, 30x30cm, 24w, Avant ou similar | I5: UND: und
A7: REFERÊNCIA: DER-ES 181003
A8: MÃO-DE-OBRA
A9: CÓD. | B9: ORGÃO | C9: DESCRIÇÃO | F9: UND | G9: COEF | H9: R$ UNIT. | I9: R$ PARCIAL
A10: 010101 | B10: DER-ES | C10: Ajudante | E10: Encargo: 157,27% | F10: h | G10: 0.85 | H10: 16.13 | I10: =G10*H10 -> 13.7105
A11: 010115 | B11: DER-ES | C11: Eletricista | E11: Encargo: 157,27% | F11: h | G11: 0.85 | H11: 19.12 | I11: =H11*G11 -> 16.252
A12: TOTAL A | I12: =I10+I11 -> 29.9625
A14: MATERIAIS/ SERVIÇOS
A15: CÓD. | B15: ORGÃO | C15: DESCRIÇÃO | F15: UND | G15: COEF | H15: R$ UNIT. | I15: R$ PARCIAL
A16: COTAÇÃO 02 | C16: Painel de LED de embutir quadrado, 30x30cm, 24w, Avant ou similar | F16: und | G16: 1 | H16: ='[1]COTAÇÕES '!P9 -> 55.893333 | I16: =H16*G16 -> 55.893333
A18: TOTAL B | I18: =SUM(I16:I17) -> 55.893333
A21: EQUIPAMENTOS
C22: DESCRIÇÃO | F22: UND | G22: COEF | H22: R$ UNIT. | I22: R$ PARCIAL
A24: TOTAL C | I24: =I23 -> 0
A26: RESUMO
A27: TOTAL A | I27: =I12 -> 29.9625
A28: TOTAL B | I28: =I18 -> 55.893333
A29: TOTAL C | I29: =I19 -> 0
A30: PREÇO DE VENDA = TOTAL (A+B+C) | I30: =SUM(I27:I28) -> 85.855833

Sheet COMP-07
A1: COMPOSIÇÃO ANALÍTICA DE PREÇO UNITÁRIO | I1: Data-base
I3: 44318
I4: COMP-07
A5: SERVIÇO: Painel de LED de sobrepor quadrado, 30x30cm, 24w, Avant ou similar | I5: UND: und
A7: REFERÊNCIA: DER-ES 181003
A8: MÃO-DE-OBRA
A9: CÓD. | B9: ORGÃO | C9: DESCRIÇÃO | F9: UND | G9: COEF | H9: R$ UNIT. | I9: R$ PARCIAL
A10: 010101 | B10: DER-ES | C10: Ajudante | E10: Encargo: 157,27% | F10: h | G10: 0.85 | H10: 16.13 | I10: =G10*H10 -> 13.7105
A11: 010115 | B11: DER-ES | C11: Eletricista | E11: Encargo: 157,27% | F11: h | G11: 0.85 | H11: 19.12 | I11: =H11*G11 -> 16.252
A12: TOTAL A | I12: =I10+I11 -> 29.9625
A14: MATERIAIS/ SERVIÇOS
A15: CÓD. | B15: ORGÃO | C15: DESCRIÇÃO | F15: UND | G15: COEF | H15: R$ UNIT. | I15: R$ PARCIAL
A16: COTAÇÃO 03 | C16: Painel de LED de sobrepor quadrado, 30x30cm, 24w, Avant ou similar | F16: und | G16: 1 | H16: ='[1]COTAÇÕES '!P10 -> 43.133333 | I16: =H16*G16 -> 43.133333
A18: TOTAL B | I18: =SUM(I16:I17) -> 43.133333
A21: EQUIPAMENTOS
C22: DESCRIÇÃO | F22: UND | G22: COEF | H22: R$ UNIT. | I22: R$ PARCIAL
A24: TOTAL C | I24: =I23 -> 0
A26: RESUMO
A27: TOTAL A | I27: =I12 -> 29.9625
A28: TOTAL B | I28: =I18 -> 43.133333
A29: TOTAL C | I29: =I19 -> 0
A30: PREÇO DE VENDA = TOTAL (A+B+C) | I30: =SUM(I27:I28) -> 73.095833

Sheet COMP-08
A1: COMPOSIÇÃO ANALÍTICA DE PREÇO UNITÁRIO | I1: Data-base
I3: 44318
I4: COMP-08
A5: SERVIÇO: Fornecimento e instalação de Ar Condicionado Split Inverter 12000 Btu/h | I5: UND: und
A7: MÃO-DE-OBRA
A8: CÓD. | B8: ORGÃO | C8: DESCRIÇÃO | F8: UND | G8: COEF | H8: R$ UNIT. | I8: R$ PARCIAL
A11: TOTAL A | I11: =I9+I10 -> 0
A13: MATERIAIS/ SERVIÇOS
A14: CÓD. | B14: ORGÃO | C14: DESCRIÇÃO | F14: UND | G14: COEF | H14: R$ UNIT. | I14: R$ PARCIAL
A15: COTAÇÃO 04 | C15: Instalação de ar Condicionado 9000 e 12000 Btu/h | F15: UND | G15: 1 | H15: =[2]COTAÇÕES!P14 -> 2880.6667 | I15: =H15*G15 -> 2880.6667
A16: 00042425 | B16: SINAPI | C16: AR CONDICIONADO SPLIT INVERTER, HI-WALL (PAREDE), 12000 BTU/H, CICLO FRIO, 60HZ, UN 1.966,95 CLASSIFICACAO A (SELO PROCEL), GAS HFC, CONTROLE S/FIO | F16: UND | G16: 1 | H16: 2007.36 | I16: =G16*H16 -> 2007.36
A17: TOTAL B | I17: =SUM(I15:I16) -> 4888.0267
A20: EQUIPAMENTOS
C21: DESCRIÇÃO | F21: UND | G21: COEF | H21: R$ UNIT. | I21: R$ PARCIAL
A23: TOTAL C | I23: =I22 -> 0
A25: RESUMO
A26: TOTAL A | I26: =I11 -> 0
A27: TOTAL B | I27: =I17 -> 4888.0267
A28: TOTAL C | I28: =I18 -> 0
A29: PREÇO DE VENDA = TOTAL (A+B+C) | I29: =SUM(I27:I27) -> 4888.0267

Sheet COMP-09
A1: COMPOSIÇÃO ANALÍTICA DE PREÇO UNITÁRIO | I1: Data-base
I3: 44318
I4: COMP-21
A5: SERVIÇO: Saboneteira plástica tipo dispenser para sabonete líquido com reservatório 800 a 1500 ml, incluso fixação. | I5: UND: und
A7: REFERÊNCIA: SINAPI-ES 95547
A8: MÃO-DE-OBRA
A9: CÓD. | B9: ORGÃO | C9: DESCRIÇÃO | F9: UND | G9: COEF | H9: R$ UNIT. | I9: R$ PARCIAL
A10: 88267 | B10: SINAPI-ES | C10: ENCANADOR OU BOMBEIRO HIDRÁULICO COM ENCARGOS COMPLEMENTARES | E10: Encargo: 157,27% | F10: h | G10: 0.3162 | H10: =(18.8/1.8674)*2.5727 -> 25.900589 | I10: =G10*H10 -> 8.1897663
A11: 88316 | B11: SINAPI-ES | C11: SERVENTE COM ENCARGOS COMPLEMENTARES | E11: Encargo: 157,27% | F11: h | G11: 0.0996 | H11: =(14.98/1.8674)*2.5727 -> 20.63781 | I11: =G11*H11 -> 2.0555259
A13: TOTAL A | I13: =I10+I11 -> 10.245292
A15: MATERIAIS/ SERVIÇOS
A16: CÓD. | B16: ORGÃO | C16: DESCRIÇÃO | F16: UND | G16: COEF | H16: R$ UNIT. | I16: R$ PARCIAL
A17: 11758 | B17: SINAPI-ES | C17: SABONETEIRA PLASTICA TIPO DISPENSER PARA SABONETE LIQUIDO COM RESERVATORIO 800 A 1500 ML | F17: und | G17: 1 | H17: 60.95 | I17: =G17*H17 -> 60.95
A21: TOTAL B | I21: =SUM(I17:I20) -> 60.95
A23: EQUIPAMENTOS
C24: DESCRIÇÃO | F24: UND | G24: COEF | H24: R$ UNIT. | I24: R$ PARCIAL
A27: TOTAL C | I27: =I25 -> 0
A29: RESUMO
A30: TOTAL A | I30: =I13 -> 10.245292
A31: TOTAL B | I31: =I21 -> 60.95
A32: TOTAL C | I32: =I27 -> 0
A33: PREÇO DE VENDA = TOTAL (A+B+C) | I33: =SUM(I30:I32) -> 71.195292

Sheet COMP-10
A1: COMPOSIÇÃO ANALÍTICA DE PREÇO UNITÁRIO | I1: Data-base
I3: 44318
I4: COMP-10
A5: SERVIÇO: Papeleira de parede em metal cromado sem tampa, incluso fixação. | I5: UND: und
A7: REFERÊNCIA: SINAPI-ES 95544
A8: MÃO-DE-OBRA
A9: CÓD. | B9: ORGÃO | C9: DESCRIÇÃO | F9: UND | G9: COEF | H9: R$ UNIT. | I9: R$ PARCIAL
A10: 88267 | B10: SINAPI-ES | C10: ENCANADOR OU BOMBEIRO HIDRÁULICO COM ENCARGOS COMPLEMENTARES | E10: Encargo: 157,27% | F10: h | G10: 0.3162 | H10: =(18.8/1.8674)*2.5727 -> 25.900589 | I10: =G10*H10 -> 8.1897663
A11: 88316 | B11: SINAPI-ES | C11: SERVENTE COM ENCARGOS COMPLEMENTARES | E11: Encargo: 157,27% | F11: h | G11: 0.0996 | H11: =(14.98/1.8674)*2.5727 -> 20.63781 | I11: =G11*H11 -> 2.0555259
A13: TOTAL A | I13: =I10+I11 -> 10.245292
A15: MATERIAIS/ SERVIÇOS
A16: CÓD. | B16: ORGÃO | C16: DESCRIÇÃO | F16: UND | G16: COEF | H16: R$ UNIT. | I16: R$ PARCIAL
A17: 11703 | B17: SINAPI-ES | C17: PAPELEIRA DE PAREDE EM METAL CROMADO SEM TAMPA | F17: und | G17: 1 | H17: 23.03 | I17: =G17*H17 -> 23.03
A21: TOTAL B | I21: =SUM(I17:I20) -> 23.03
A23: EQUIPAMENTOS
C24: DESCRIÇÃO | F24: UND | G24: COEF | H24: R$ UNIT. | I24: R$ PARCIAL
A27: TOTAL C | I27: =I25 -> 0
A29: RESUMO
A30: TOTAL A | I30: =I13 -> 10.245292
A31: TOTAL B | I31: =I21 -> 23.03
A32: TOTAL C | I32: =I27 -> 0
A33: PREÇO DE VENDA = TOTAL (A+B+C) | I33: =SUM(I30:I32) -> 33.275292

Sheet COMP-11
A1: COMPOSIÇÃO ANALÍTICA DE PREÇO UNITÁRIO | I1: Data-base
I3: 44318
I4: COMP-11
A5: SERVIÇO: Porta papel toalha plástica tipo dispenser, capacidade para aproximadamente 750 folhas, incluso fixação. | I5: UND: und
A7: REFERÊNCIA: SINAPI-ES 95547
A8: MÃO-DE-OBRA
A9: CÓD. | B9: ORGÃO | C9: DESCRIÇÃO | F9: UND | G9: COEF | H9: R$ UNIT. | I9: R$ PARCIAL
A10: 88267 | B10: SINAPI-ES | C10: ENCANADOR OU BOMBEIRO HIDRÁULICO COM ENCARGOS COMPLEMENTARES | E10: Encargo: 157,27% | F10: h | G10: 0.3162 | H10: =(18.8/1.8674)*2.5727 -> 25.900589 | I10: =G10*H10 -> 8.1897663
A11: 88316 | B11: SINAPI-ES | C11: SERVENTE COM ENCARGOS COMPLEMENTARES | E11: Encargo: 157,27% | F11: h | G11: 0.0996 | H11: =(14.98/1.8674)*2.5727 -> 20.63781 | I11: =G11*H11 -> 2.0555259
A13: TOTAL A | I13: =I10+I11 -> 10.245292
A15: MATERIAIS/ SERVIÇOS
A16: CÓD. | B16: ORGÃO | C16: DESCRIÇÃO | F16: UND | G16: COEF | H16: R$ UNIT. | I16: R$ PARCIAL
B17: COTAÇÃO 5 | C17: Porta papel toalha plástica tipo dispenser, capacidade para aproximadamente 750 folhas | F17: und | G17: 1 | H17: ='[1]COTAÇÕES '!P12 -> 51.066667 | I17: =G17*H17 -> 51.066667
A19: TOTAL B | I19: =SUM(I17:I18) -> 51.066667
A21: EQUIPAMENTOS
C22: DESCRIÇÃO | F22: UND | G22: COEF | H22: R$ UNIT. | I22: R$ PARCIAL
A25: TOTAL C | I25: =I23 -> 0
A27: RESUMO
A28: TOTAL A | I28: =I13 -> 10.245292
A29: TOTAL B | I29: =I19 -> 51.066667
A30: TOTAL C | I30: =I25 -> 0
A31: PREÇO DE VENDA = TOTAL (A+B+C) | I31: =SUM(I28:I30) -> 61.311959

Sheet COMP-12
A1: COMPOSIÇÃO ANALÍTICA DE PREÇO UNITÁRIO | I1: Data-base
I3: 44317
I4: COMP-12
A5: SERVIÇO: Luminária arandela tipo tartaruga, de sobrepor, com 1 lâmpada led de 6W, - fornecimento e instalação. | I5: UND: und
A7: REFERÊNCIA: SINAPI-ES 97607
A8: MÃO-DE-OBRA
A9: CÓD. | B9: ORGÃO | C9: DESCRIÇÃO | F9: UND | G9: COEF | H9: R$ UNIT. | I9: R$ PARCIAL
A10: 88247 | B10: SINAPI-ES | C10: AUXILIAR DE ELETRICISTA COM ENCARGOS COMPLEMENTARES | E10: Encargo: 157,27% | F10: h | G10: 0.2299 | H10: =(17.46/1.8674)*2.5727 -> 24.054483 | I10: =G10*H10 -> 5.5301257
A11: 88264 | B11: SINAPI-ES | C11: ELETRICISTA COM ENCARGOS COMPLEMENTARES | E11: Encargo: 157,27% | F11: h | G11: 0.5518 | H11: =(22.54/1.8674)*2.5727 -> 31.053153 | I11: =G11*H11 -> 17.13513
A13: TOTAL A | I13: =I10+I11 -> 22.665256
A15: MATERIAIS/ SERVIÇOS
A16: CÓD. | B16: ORGÃO | C16: DESCRIÇÃO | F16: UND | G16: COEF | H16: R$ UNIT. | I16: R$ PARCIAL
A17: 38193 | B17: SINAPI-ES | C17: LAMPADA LED 6 W BIVOLT BRANCA, FORMATO TRADICIONAL (BASE E27) | F17: und | G17: 1 | H17: 8.6 | I17: =G17*H17 -> 8.6
A18: 38775 | B18: SINAPI-ES | C18: LUMINARIA TIPO TARTARUGA PARA AREA EXTERNA EM ALUMINIO, COM GRADE, PARA 1LAMPADA, BASE E27, POTENCIA MAXIMA 40/60 W (NAO INCLUI LAMPADA) | F18: und | G18: 1 | H18: 66.11 | I18: =G18*H18 -> 66.11
A19: TOTAL B | I19: =SUM(I17:I18) -> 74.71
A21: EQUIPAMENTOS
C22: DESCRIÇÃO | F22: UND | G22: COEF | H22: R$ UNIT. | I22: R$ PARCIAL
A25: TOTAL C | I25: =I23 -> 0
A27: RESUMO
A28: TOTAL A | I28: =I13 -> 22.665256
A29: TOTAL B | I29: =I19 -> 74.71
A30: TOTAL C | I30: =I25 -> 0
A31: PREÇO DE VENDA = TOTAL (A+B+C) | I31: =SUM(I28:I30) -> 97.375256

Sheet COMP-14
A1: COMPOSIÇÃO ANALÍTICA DE PREÇO UNITÁRIO | I1: Data-base
I3: 44318
I4: COMP-14
A5: SERVIÇO: Remoção de forro de gesso, de forma manual, sem reaproveitamento | I5: UND: m²
A7: REFERÊNCIA: SINAPI 97641
A8: MÃO-DE-OBRA
A9: CÓD. | B9: ORGÃO | C9: DESCRIÇÃO | F9: UND | G9: COEF | H9: R$ UNIT. | I9: R$ PARCIAL
A10: 88269 | B10: SINAPI | C10: GESSEIRO COM ENCARGOS COMPLEMENTARES | E10: Encargo: 157,27% | F10: h | G10: 0.0713 | H10: =(16.79/1.8674)*2.5727 -> 23.13143 | I10: =G10*H10 -> 1.649271
A11: 88316 | B11: SINAPI | C11: SERVENTE COM ENCARGOS COMPLEMENTARES | E11: Encargo: 157,27% | F11: h | G11: 0.1401 | H11: =(14.98/1.8674)*2.5727 -> 20.63781 | I11: =G11*H11 -> 2.8913572
A12: TOTAL A | I12: =SUM(I10:I11) -> 4.5406281
A14: MATERIAIS/ SERVIÇOS
A15: CÓD. | B15: ORGÃO | C15: DESCRIÇÃO | F15: UND | G15: COEF | H15: R$ UNIT. | I15: R$ PARCIAL
A17: TOTAL B | I17: =SUM(I16:I16) -> 0
A20: EQUIPAMENTOS
C21: DESCRIÇÃO | F21: UND | G21: COEF | H21: R$ UNIT. | I21: R$ PARCIAL
A23: TOTAL C | I23: =I22 -> 0
A25: RESUMO
A26: TOTAL A | I26: =I12 -> 4.5406281
A27: TOTAL B | I27: =I17 -> 0
A28: TOTAL C | I28: =I23 -> 0
A29: PREÇO DE VENDA = TOTAL (A+B+C) | I29: =SUM(I26:I28) -> 4.5406281

Sheet COMP-15
A1: COMPOSIÇÃO ANALÍTICA DE PREÇO UNITÁRIO | I1: Data-base
I3: 44318
I4: COMP-15
A5: SERVIÇO: Pintura com tinta esmalte sintético, marcas de referência Suvinil, Coral ou Metalatex, em madeira, a duas demãos | I5: UND: m²
A7: REFERÊNCIA: DER-ES 190302
A8: MÃO-DE-OBRA
A9: CÓD. | B9: ORGÃO | C9: DESCRIÇÃO | F9: UND | G9: COEF | H9: R$ UNIT. | I9: R$ PARCIAL
A10: 010101 | B10: DER-ES | C10: AJUDANTE (AJUDANTE PRATICO - SINDUSCON) (LABOR) | E10: Encargo: 157,27% | F10: h | G10: 0.35 | H10: 16.13 | I10: =G10*H10 -> 5.6455
A11: 010140 | B11: DER-ES | C11: PINTOR -(OFICIAL - SINDUSCON) (LABOR) | E11: Encargo: 157,27% | F11: h | G11: 0.4 | H11: 19.12 | I11: =G11*H11 -> 7.648
A12: TOTAL A | I12: =SUM(I10:I11) -> 13.2935
A14: MATERIAIS/ SERVIÇOS
A15: CÓD. | B15: ORGÃO | C15: DESCRIÇÃO | F15: UND | G15: COEF | H15: R$ UNIT. | I15: R$ PARCIAL
A16: 38001 | B16: DER-ES | C16: AGUARRAZ MINERAL (LABOR) | F16: L | G16: 0.04 | H16: 12.58 | I16: =G16*H16 -> 0.5032
A17: 37502 | B17: DER-ES | C17: ESMALTE SINTETICO (LABOR) | F17: L | G17: 0.16 | H17: 28.29 | I17: =G17*H17 -> 4.5264
A18: 38013 | B18: DER-ES | C18: LIXA PARA MADEIRA/MASSA Nº 150 (LABOR) | F18: UND | G18: 0.4 | H18: 0.91 | I18: =G18*H18 -> 0.364
A19: TOTAL B | I19: =SUM(I16:I18) -> 5.3936
A22: EQUIPAMENTOS
C23: DESCRIÇÃO | F23: UND | G23: COEF | H23: R$ UNIT. | I23: R$ PARCIAL
A25: TOTAL C | I25: =I24 -> 0
A27: RESUMO
A28: TOTAL A | I28: =I12 -> 13.2935
A29: TOTAL B | I29: =I19 -> 5.3936
A30: TOTAL C | I30: =I25 -> 0
A31: PREÇO DE VENDA = TOTAL (A+B+C) | I31: =SUM(I28:I30) -> 18.6871

Sheet COMP-16
A1: COMPOSIÇÃO ANALÍTICA DE PREÇO UNITÁRIO | I1: Data-base
I3: 44317
I4: COMP-16
A5: SERVIÇO: TOMADA BAIXA DE EMBUTIR (2 MÓDULOS), 2P+T 10 A, INCLUINDO SUPORTE E PLACA FORNECIMENTO E INSTALAÇÃO | I5: UND: und
A7: REFERÊNCIA: SINAPI-ES 92006 / 92008 / 91946
A8: MÃO-DE-OBRA
A9: CÓD. | B9: ORGÃO | C9: DESCRIÇÃO | F9: UND | G9: COEF | H9: R$ UNIT. | I9: R$ PARCIAL
A10: 88247 | B10: SINAPI-ES | C10: AUXILIAR DE ELETRICISTA COM ENCARGOS COMPLEMENTARES | E10: Encargo: 157,27% | F10: h | G10: 0.409 | H10: =(17.46/1.8674)*2.5727 -> 24.054483 | I10: =G10*H10 -> 9.8382836
A11: 88264 | B11: SINAPI-ES | C11: ELETRICISTA COM ENCARGOS COMPLEMENTARES | E11: Encargo: 157,27% | F11: h | G11: =0.409+0.124 -> 0.533 | H11: =(22.54/1.8674)*2.5727 -> 31.053153 | I11: =G11*H11 -> 16.551331
A13: TOTAL A | I13: =SUM(I10:I12) -> 26.389614
A15: MATERIAIS/ SERVIÇOS
A16: CÓD. | B16: ORGÃO | C16: DESCRIÇÃO | F16: UND | G16: COEF | H16: R$ UNIT. | I16: R$ PARCIAL
A17: 38101 | B17: SINAPI-ES | C17: TOMADA 2P+T 10A, 250V (APENAS MODULO) | F17: und | G17: 2 | H17: 7.53 | I17: =G17*H17 -> 15.06
A18: 38094 | B18: SINAPI-ES | C18: ESPELHO / PLACA DE 3 POSTOS 4" X 2", PARA INSTALACAO DE TOMADAS E INTERRUPTORES | F18: und | G18: 1 | H18: 2.8 | I18: =G18*H18 -> 2.8
A19: 38099 | B19: SINAPI-ES | C19: SUPORTE DE FIXACAO PARA ESPELHO / PLACA 4" X 2", PARA 3 MODULOS, PARA INSTALACAO DE TOMADAS E INTERRUPTORES (SOMENTE SUPORTE) | F19: und | G19: 1 | H19: 1.45 | I19: =G19*H19 -> 1.45
A21: TOTAL B | I21: =SUM(I17:I19) -> 19.31
A23: EQUIPAMENTOS
C24: DESCRIÇÃO | F24: UND | G24: COEF | H24: R$ UNIT. | I24: R$ PARCIAL
A27: TOTAL C | I27: =SUM(I25:I26) -> 0
A29: RESUMO
A30: TOTAL A | I30: =I13 -> 26.389614
A31: TOTAL B | I31: =I21 -> 19.31
A32: TOTAL C | I32: =I27 -> 0
A33: PREÇO DE VENDA = TOTAL (A+B+C) | I33: =SUM(I30:I32) -> 45.699614

Sheet COMP-17
A1: COMPOSIÇÃO ANALÍTICA DE PREÇO UNITÁRIO | I1: Data-base
I3: 44317
I4: COMP-17
A5: SERVIÇO: GUARDA-CORPO DE AÇO GALVANIZADO DE 1,10M, MONTANTES TUBULARES DE 1.1/4" ESPAÇADOS DE 1,20M, TRAVESSA SUPERIOR DE 1.1/2", GRADIL FORMADO POR TUBOS HORIZONTAIS DE 1" E VERTICAIS DE 3/4", FIXADO COM CHUMBADOR MECÂNICO. | I5: UND: M
A7: REFERÊNCIA: SINAPI-ES 99837
A8: MÃO-DE-OBRA
A9: CÓD. | B9: ORGÃO | C9: DESCRIÇÃO | F9: UND | G9: COEF | H9: R$ UNIT. | I9: R$ PARCIAL
A10: 88251 | B10: SINAPI-ES | C10: AUXILIAR DE SERRALHEIRO COM ENCARGOS COMPLEMENTARES | E10: Encargo: 157,27% | F10: h | G10: 4.526 | H10: =(16.94/1.8674)*2.5727 -> 23.338084 | I10: =G10*H10 -> 105.62817
A11: 88315 | B11: SINAPI-ES | C11: SERRALHEIRO COM ENCARGOS COMPLEMENTARES | E11: Encargo: 157,27% | F11: h | G11: 5.51 | H11: =(20.82/1.8674)*2.5727 -> 28.683525 | I11: =G11*H11 -> 158.04622
A13: TOTAL A | I13: =SUM(I10:I12) -> 263.67439
A15: MATERIAIS/ SERVIÇOS
A16: CÓD. | B16: ORGÃO | C16: DESCRIÇÃO | F16: UND | G16: COEF | H16: R$ UNIT. | I16: R$ PARCIAL
A17: 1332 | B17: SINAPI-ES | C17: CHAPA DE ACO GROSSA, ASTM A36, E = 3/8 " (9,53 MM) 74,69 KG/M2 | F17: KG | G17: 0.896 | H17: 12.84 | I17: =G17*H17 -> 11.50464
A18: 11002 | B18: SINAPI-ES | C18: ELETRODO REVESTIDO AWS - E6013, DIAMETRO IGUAL A 2,50 MM | F18: KG | G18: 0.065 | H18: 26.15 | I18: =G18*H18 -> 1.69975
A19: 11964 | B19: SINAPI-ES | C19: PARAFUSO DE ACO TIPO CHUMBADOR PARABOLT, DIAMETRO 3/8", COMPRIMENTO 75 MM | G19: 3.333 | H19: 1.32 | I19: =G19*H19 -> 4.39956
A20: 21009 | B20: SINAPI-ES | C20: TUBO ACO GALVANIZADO COM COSTURA, CLASSE LEVE, DN 20 MM ( 3/4"), E = 2,25 MM, *1,3* KG/M (NBR 5580) | F20: M | G20: 6.25 | H20: 29.05 | I20: =G20*H20 -> 181.5625
A21: 21010 | B21: SINAPI-ES | C21: TUBO ACO GALVANIZADO COM COSTURA, CLASSE LEVE, DN 25 MM ( 1"), E = 2,65 MM, *2,11* KG/M (NBR 5580) | F21: M | G21: 2.023 | H21: 39.01 | I21: =G21*H21 -> 78.91723
A22: 21011 | B22: SINAPI-ES | C22: TUBO ACO GALVANIZADO COM COSTURA, CLASSE LEVE, DN 32 MM ( 1 1/4"), E = 2, 65 MM, *2,71* KG/M (NBR 5580) | F22: M | G22: 0.926 | H22: 56.86 | I22: =G22*H22 -> 52.65236
A23: 21012 | B23: SINAPI-ES | C23: TUBO ACO GALVANIZADO COM COSTURA, CLASSE LEVE, DN 40 MM ( 1 1/2"), E = 3, 00 MM, *3,48* KG/M (NBR 5580) | F23: M | G23: 1.029 | H23: 62.83 | I23: =G23*H23 -> 64.65207
A25: TOTAL B | I25: =SUM(I17:I23) -> 395.38811
A27: EQUIPAMENTOS
C28: DESCRIÇÃO | F28: UND | G28: COEF | H28: R$ UNIT. | I28: R$ PARCIAL
A31: TOTAL C | I31: =SUM(I29:I30) -> 0
A33: RESUMO
A34: TOTAL A | I34: =I13 -> 263.67439
A35: TOTAL B | I35: =I25 -> 395.38811
A36: TOTAL C | I36: =I31 -> 0
A37: PREÇO DE VENDA = TOTAL (A+B+C) | I37: =SUM(I34:I36) -> 659.0625

Sheet COTAÇÕES 
B1: PREFEITURA MUNICIPAL DE JOÃO NEIVA
B2: COTAÇÕES
B3: OBRA: REFORMA DO EDIFÍCIO QUE ABRIGA A SECRETARIA MUNICIPAL DE TRABALHO, ASSISTÊNCIA E DESENVOLVIMENTO SOCIAL, E O CONSELHO TUTELAR DO MUNICÍPIO DE JOÃO NEIVA - ES
B4: LOCAL: JOÃO NEIVA-ES
B5: ORÇAMENTISTA: THAÍS BAPTISTA MENELLI - CAU/ES A181604-7 / BRUNA PEROVANO SIRTULI - CAU/ES A187736-4
A6: NÚMERO | B6: ITEM PLANILHA | C6: DESCRIÇÃO | D6: FORNECEDOR 1 | E6: CONTATO | F6: PREÇO | G6: DATA | H6: FORNECEDOR 2 | I6: CONTATO | J6: PREÇO | K6: DATA | L6: FORNECEDOR 3 | M6: CONTATO | N6: PREÇO | O6: DATA | P6: MÉDIA | Q6: OBSERVAÇÕES
A8: 1 | B8: 16.2.1 | C8: Kit Porteiro Eletrônico F8 Ntl E Fechadura Elétrica C90 Hdl | D8: Americanas | E8: https://www.americanas.com.br/produto/26994907/kit-porteiro-eletronico-f8-ntl-e-fechadura-eletrica-c90-hdl?WT.srch=1&opn=YSMESP&sellerid=18552346000168&epar=bp_pl_00_go_pla_casaeconst_geral_gmv&acc=e789ea56094489dffd798f86ff51c7a9&i=56f30ab2eec3dfb1f8ebb847&o=59aeed31eec3dfb1f82cb5c7&gclid=CjwKCAjwsNiIBhBdEiwAJK4khvpwhdm4sMNx4gh_kpfqkvon8hBneU9JtDG_B_5iZ-3NV9FdX68xURoCD50QAvD_BwE | F8: 439.9 | G8: 44421 | H8: Shoptime | I8: https://www.shoptime.com.br/produto/26994907/kit-porteiro-eletronico-f8-ntl-e-fechadura-eletrica-c90-hdl?WT.srch=1&acc=a76c8289649a0bef0524c56c85e71570&epar=bp_pl_dr_go_ssccasaeconst_geral_gmv&epar=bp_pl_dr_go_ssccasaeconst_geral_gmv&gclid=CjwKCAjwsNiIBhBdEiwAJK4khn8q9qX2kOjsNwY2NE3QPVTwcXoJjGuIPL9frnoa2PU-jocErd_kWxoC04gQAvD_BwE&i=56f30b38eec3dfb1f8ebe12c&o=59aeed38eec3dfb1f82cb88e&opn=GOOGLEXML&sellerid=18552346000168&utm_campaign=marca%3Ashop%3Bmidia%3Abuscappc%3Bformato%3Apla%3Bsubformato%3Adra%3Bidcampanha%3Assccasaeconst_geral_gmv&utm_medium=buscappc&utm_source=google | J8: 413.5 | K8: 44421 | L8: Submarino | M8: https://www.submarino.com.br/produto/26994907/kit-porteiro-eletronico-f8-ntl-e-fechadura-eletrica-c90-hdl?opn=XMLGOOGLE&sellerid=18552346000168&epar=bp_pl_00_go_g35219&WT.srch=1&acc=d47a04c6f99456bc289220d5d0ff208d&i=56f30b7aeec3dfb1f8ebed1c&o=59aeee21eec3dfb1f82d00f5&epar=bp_pl_00_go_g35219&utm_medium=buscappc&utm_source=google&utm_campaign=marca:suba%3bmidia:buscappc%3bformato:pla%3bsubformato:00%3bidcampanha:g35219&gclid=CjwKCAjwsNiIBhBdEiwAJK4khkYDXzgAqITk2CWVtT5fXyhYiKbp0Esvp2yq3dRaUvckOG_PNJSaBhoCRasQAvD_BwE | N8: 409.1 | O8: 44421 | P8: =(F8+J8+N8)/3 -> 420.83333 | Q8: Não foi considerado frete
A9: 2 | B9: 18.3.1 | C9: Painel de LED de embutir quadrado, 30x30cm, 24w, Avant ou similar | D9: Ismafer Ferramentas | E9: https://www.ismafer.com.br/MLB-1547067509-painel-plafon-led-24w-quadrado-embutir-branco-neutro-_JM?variation=78806764363&gclid=EAIaIQobChMIv7j4ns3B8AIVCuDICh1NEwsxEAQYCCABEgKMrPD_BwE | F9: 44.9 | G9: 44421 | H9: Madeira Madeira | I9: https://www.madeiramadeira.com.br/painel-plafon-led-embutir-24w-quadrado-branco-neutro-4000k-2164787.html?seller=4697&origem=pla-2164787&utm_source=google&utm_medium=cpc&utm_content=plafons-led-606&utm_term=&utm_id=6448165818&gclid=EAIaIQobChMIv7j4ns3B8AIVCuDICh1NEwsxEAQYFSABEgIVhfD_BwE&hitsPerPage= | J9: 58.88 | K9: 44421 | L9: Telhanorte | M9: https://www.telhanorte.com.br/led-painel-pop-embutir-quadrado-30x30-ne-4000k-24w-bivolt-1680-avant-1774948/p?idsku=1774948&gclid=EAIaIQobChMIv7j4ns3B8AIVCuDICh1NEwsxEAQYKCABEgLxKPD_BwE | N9: 63.9 | O9: 44421 | P9: =(F9+J9+N9)/3 -> 55.893333 | Q9: Não foi considerado frete
A10: 3 | B10: 18.3.2 | C10: Painel de LED de sobrepor quadrado, 30x30cm, 24w, Avant ou similar | D10: Amazon | E10: https://www.amazon.com.br/LED-Painel-Bivolt-Avant-768131375/dp/B07HFN35X6/ref=asc_df_B07HFN35X6/?tag=googleshopp00-20&linkCode=df0&hvadid=379793968058&hvpos=&hvnetw=g&hvrand=10190021652353567351&hvpone=&hvptwo=&hvqmt=&hvdev=c&hvdvcmdl=&hvlocint=&hvlocphy=1031764&hvtargid=pla-1229509853452&psc=1 | F10: 45.5 | G10: 44421 | H10: Americanas | I10: https://www.americanas.com.br/produto/2500247798?opn=YSMESP&epar=bp_pl_00_go_mv_todas_geral_gmv&WT.srch=1&loja=14437232000116&acc=e789ea56094489dffd798f86ff51c7a9&i=5f98eba649f937f625d570fb&o=5fae3851f8e95eac3d174a0d&gclid=CjwKCAjwsNiIBhBdEiwAJK4khiF-SJXOB4VAGx8xLBJngeiS8rhVWmwoMhb41kIJ_JGRYpaOomG5txoC7BMQAvD_BwE&voltagem=%5BBivolt%5D | J10: 39.99 | K10: 44421 | L10: Eletricario | M10: https://www.eletricario.com.br/eletroportateis/casa-e-jardim/painel-plafon-led-sobrepor-24w-quadrado-30cm-bivolt-avant?parceiro=5465 | N10: 43.91 | O10: 44421 | P10: =(F10+J10+N10)/3 -> 43.133333 | Q10: Não foi considerado frete
A11: 4 | B11: 21.1.1 | C11: Instalação de ar condicionado split 9000 e 12000 Btu/h | D11: Ismatec Inst & Aut | E11: (27) 99245-1274 Atendente: Ivan Pimenta Local: Vitória (ES) | F11: 2790 | G11: 44319 | H11: Beta Engenharia | I11: (27) 99532-1741 Atendente: Dyon Eny Local: Vitória (ES) | J11: 3278 | K11: 44321 | L11: HyperClima Ar Cond. & Elet. | M11: e-mail:hyperclima.es@gmail.com Local: Serra (ES) | N11: 2574 | O11: 44326 | P11: =(F11+J11+N11)/3 -> 2880.6667
A12: 5 | B12: 21.1.4 | C12: Porta papel toalha plástica tipo dispenser, capacidade para aproximadamente 750 folhas | D12: Americanas | E12: https://www.americanas.com.br/produto/1978061482/dispenser-p-papel-toalha-velox-premisse-branco?WT.srch=1&acc=e789ea56094489dffd798f86ff51c7a9&epar=bp_pl_00_go_todos-os-produtos_geral_gmv&gclid=Cj0KCQjwqrb7BRDlARIsACwGad7MVi73ugrkWG5jAIN6yU4ecz3MaOidsVcftGdHkCKENgGQh0EW_SUaAvy-EALw_wcB&i=57f47f15eec3dfb1f844c030&o=5f455abbf8e95eac3d12846b&opn=YSMESP&sellerid=3899421000194#info-section | F12: 54 | G12: 44424 | H12: Kalunga | I12: https://www.kalunga.com.br/prod/dispenser-papel-toalha-interfolhado-branco-c19533-premisse-cx-1-un/324175?pcID=39&gclid=Cj0KCQjwqrb7BRDlARIsACwGad6HO2dT5IOnuzBk8d55FZvxHn7u8z-LvSHzV70iwJALgCLUeG6uVL4aAqcFEALw_wcB | J12: 45.2 | K12: 44424 | L12: Submarino | M12: https://www.submarino.com.br/produto/1978061482/dispenser-p-papel-toalha-velox-premisse-branco?WT.srch=1&acc=d47a04c6f99456bc289220d5d0ff208d&epar=bp_pl_00_go_pla_aic_geral_gmv&gclid=Cj0KCQjwqrb7BRDlARIsACwGad5qhu8e-MVC7waZ4lS8pgcaHr3VGGgI1Hi8l7aEO5_d5nqDgqwGn4MaAtmxEALw_wcB&i=57f4b679eec3dfb1f84b1089&o=5f455f6bf8e95eac3d12bcdd&opn=XMLGOOGLE&sellerid=3899421000194 | N12: 54 | O12: 44424 | P12: =(F12+J12+N12)/3 -> 51.066667 | Q12: Não foi considerado frete
A13: 6 | B13: 1.1.19 | C13: Resina Acrílica Brilhante Novacor Incolor 18L Sherwin Williams ou equivalente | D13: Politintas | E13: https://loja.politintas.com.br/resina-acrilica-novacor-sherwin-williams-18l/p?idsku=3594&gclid=CjwKCAjwmeiIBhA6EiwA-uaeFZCkpwYdhdzCQshIADv6j15StycZEocY1i-VXkCkv7oPfCP68ysT6hoCJvMQAvD_BwE | F13: 471.2 | G13: 44425 | H13: Submarino | I13: https://www.submarino.com.br/produto/2586565420?loja=29894630000139&epar=bp_pl_00_go_g35183&opn=XMLGOOGLE&WT.srch=1&acc=d47a04c6f99456bc289220d5d0ff208d&i=5f3cb97b49f937f625b60d71&o=5fbbde8ff8e95eac3d838e69&epar=bp_pl_00_go_g35183&utm_medium=buscappc&utm_source=google&utm_campaign=marca:suba%3bmidia:buscappc%3bformato:pla%3bsubformato:00%3bidcampanha:g35183&gclid=CjwKCAjwmeiIBhA6EiwA-uaeFffU3lgPSN9tpRidFxRohrBPTm1ziUMwN6WDruKGxCbwSoDy1n0oexoCpTYQAvD_BwE | J13: 350.1 | K13: 44425 | L13: Leroy Merlin | M13: https://www.leroymerlin.com.br/resina-brilhante-novacor-incolor-18l-sherwin-williams_86142301?store_code=57&gclid=CjwKCAjwmeiIBhA6EiwA-uaeFbxDk53Zc9B12II1Ri07dkbwaaf1Aw0DW35XT2XSVUFVVgAAjqG9wRoCRJkQAvD_BwE | N13: 329.9 | O13: 44425 | P13: =(F13+J13+N13)/3 -> 383.73333 | Q13: Não foi considerado frete
A14: 7 | B14: 21.1.6 | C14: Fornecimento e instalação de Escada helicoidal | D14: Metalúrgica Silva | E14: (27) 99781-6146 Atendente: Arilton Local: Vitória (ES) | F14: 5400 | G14: 44424 | H14: Aquiles Serralheria | I14: (27) 99873-8949 Local: Fundão (ES) | J14: 4500 | K14: 44424 | L14: LF Serralheria | M14: (27) 99723-0911 Local: Colatina (ES) | N14: 3800 | O14: 44425 | P14: =(F14+J14+N14)/3 -> 4566.6667
A15: 8 | B15: 21.1.7 | C15: Fornecimento e Instalação de Plataforma Elevatória de Acessibilidade | D15: Mobilitá Elevadores | E15: vendas@mobilitaelevadores.com.br Atendente: Ana Local: Atiabaia (SP) | F15: 27200 | G15: 44375 | H15: Montele Elevadores | I15: clara.paiva@montele.ind.br Atendente: Clara Paiva Local: Contagem (MG) | J15: 57657.4 | K15: 44377 | L15: RBA Elevadores | M15: eliane@rbaelevadores.com.br Atendente: Eliane Local: São José do Rio Preto (SP) | N15: 59700 | O15: 44377 | P15: 48185.8
